 Dungeon Crawl Stone Soup version 0.16.1-11-g651b585 (webtiles) character file.

10459006 roverover the Archmage (level 27, 248/273 HPs)
             Began as a Yellow Draconian Wizard on Apr 2, 2015.
             Was the Champion of Ashenzari.
             Escaped with the Orb
             ... and 14 runes on Apr 6, 2015!
             The game lasted 17:22:13 (141732 turns).

roverover the Archmage (Yellow Draconian Wizard)  Turns: 141732, Time: 17:22:13

Health: 248/273    AC: 29    Str: 10      XL:     27
Magic:  51/54      EV: 51    Int: 35 (36) God:    Ashenzari [******]
Gold:   11182      SH: 18    Dex: 26      Spells: 13 memorised, 0 levels left

rFire  + + +     SeeInvis +     b - staff of energy
rCold  + . .     Clarity  +     (armour unavailable)
rNeg   + . .     SustAb   +     F - -1 shield of the Wilderness {Regen+} (curse)
rPois  +         Gourm    .     k - +2 hat of the High Council {Archmagi, Wiz- Stlth-} (curse)
rElec  +         Spirit   .     u - +1 cloak of Ykiem {Contam rPois Regen+ MP+9 SInv} (curse)
rCorr  +         Warding  +     R - +2 pair of fencer's gloves {EV+3 Dex+6 Slay+2} (curse)
rMut   .         Stasis   .     c - +2 pair of boots of the Black Moon {MR+ Int+3} (curse)
MR     +++..                    K - brooch of Shielding {Ward rN+ AC+4 EV+4} (curse)
Stlth  +++.......               J - ring of sustain abilities (curse)
                                I - ring "Xauty" {rElec rF++ AC+2} (curse)

@: mighty, agile, resistant, very slightly contaminated, hasted, very quick,
extremely resistant to hostile enchantments, fairly stealthy
A: spit acid, acid resistance, unfitting armour, antennae 1, agile 1, blurry
vision 1, fire resistance 1, sense surroundings 2, acidic bite, evolution 2,
cold-blooded, AC +13
a: Spit Acid, Scrying, Transfer Knowledge, Renounce Religion
0: Orb of Zot
}: 14/15 runes: barnacled, slimy, silver, golden, iron, obsidian, icy, bone,
abyssal, demonic, glowing, magical, dark, gossamer


You escaped.
You worshipped Ashenzari.
Ashenzari was exalted by your worship.
You were completely stuffed.

You visited 17 branches of the dungeon, and saw 94 of its levels.
You visited Pandemonium 13 times, and saw 178 of its levels.
You visited the Abyss 3 times.
You visited 2 bazaars.
You visited 2 ziggurats (completing 1), and saw 53 of their levels.
You also visited: Trove, Ossuary, Ice Cave, Volcano and Wizlab.

You collected 16491 gold pieces.
You spent 5214 gold pieces at shops.

Inventory:

Hand weapons
 a - a +9 quick blade of electrocution
 N - the +7 Sceptre of Asmodeus
   (You took it off Asmodeus on level 7 of Gehenna)
 Q - the +7 Sceptre of Torment
   (You found it on level 3 of the Crypt)
 T - the +4 Staff of Dispater
   (You took it off Dispater on level 7 of the Iron City of Dis)
Missiles
 r - 1967 stones (quivered)
 X - 35 throwing nets
Armour
 c - the cursed +2 pair of boots of the Black Moon (worn) {MR+ Int+3}
   (You found it in Pandemonium)

   It affects your intelligence (+3).
   It affects your resistance to hostile enchantments.
   It has a curse placed upon it.
 k - the cursed +2 hat of the High Council (worn) {Archmagi, Wiz- Stlth-}
   (You found it on level 5 of the Vaults)

   It makes you less stealthy.
   It has a curse placed upon it.
 u - the cursed +1 cloak of Ykiem (worn) {Contam rPois Regen+ MP+9 SInv}
   (You found it in a wizard's laboratory)

   It protects you from poison.
   It affects your magic capacity (+9).
   It enhances your eyesight.
   It causes magical contamination when unequipped.
   It increases your rate of regeneration.
   It has a curse placed upon it.
 F - the cursed -1 shield of the Wilderness (worn) {Regen+}
   (You found it on level 7 of Cocytus)

   It increases your rate of regeneration.
   It has a curse placed upon it.
 R - the cursed +2 pair of fencer's gloves (worn) {EV+3 Dex+6 Slay+2}
   (You found it on level 26 of a ziggurat)

   It affects your evasion (+3).
   It affects your dexterity (+6).
   It affects your accuracy and damage with ranged weapons and melee attacks
   (+2).
   It has a curse placed upon it.
Magical staves
 b - an uncursed staff of energy (weapon)
Jewellery
 j - the ring "Xuqian" {rC+ Int+4 Dex+4}
   (You found it on level 3 of the Spider Nest)

   [ring of dexterity]

   It affects your intelligence (+4).
   It affects your dexterity (+4).
   It protects you from cold.
 I - the cursed ring "Xauty" (left hand) {rElec rF++ AC+2}
   (You found it on level 11 of a ziggurat)

   [ring of protection]

   It affects your AC (+2).
   It greatly protects you from fire.
   It insulates you from electricity.
   It has a curse placed upon it.
 J - a cursed ring of sustain abilities (right hand)
 K - the cursed brooch of Shielding (around neck) {Ward rN+ AC+4 EV+4}
   (You found it on level 16 of a ziggurat)

   [amulet of warding]

   It may prevent the melee attacks of summoned creatures.
   It affects your AC (+4).
   It affects your evasion (+4).
   It protects you from negative energy.
   It has a curse placed upon it.
Magical devices
 e - a wand of teleportation (3)
 f - a wand of hasting (3)
 l - a wand of heal wounds (3)
 w - a wand of teleportation (5)
 Z - a wand of heal wounds (7)
Scrolls
 h - 8 scrolls of fear
 n - 9 scrolls of holy word
 s - 23 scrolls of fog
 y - 5 scrolls of recharging
 z - a scroll of magic mapping
 A - 35 scrolls of remove curse
 G - 9 scrolls of silence
 O - 54 scrolls of identify
 S - 5 scrolls of torment
 W - 9 scrolls of blinking
Potions
 m - 2 potions of cancellation
 p - 9 potions of agility
 B - 6 potions of restore abilities
 C - 6 potions of curing
 D - 7 potions of resistance
 E - 5 potions of might
 H - 21 potions of cure mutation
 M - 4 potions of haste
 P - 12 potions of magic
 U - 5 potions of heal wounds
Miscellaneous
 g - a stone of tremors
 i - a lamp of fire
 q - a crystal ball of energy
 t - a phial of floods
 v - 4 phantom mirrors
 x - a disc of storms
 V - a fan of gales
 Y - the horn of Geryon
Comestibles
 d - 22 bread rations
 o - 29 royal jellies


   Skills:
 O Level 27 Fighting
 - Level 10.1 Short Blades
 - Level 7.4 Maces & Flails
 - Level 24.0(27) Dodging
 - Level 15.2(19.2) Stealth
 - Level 25.0(27) Shields
 O Level 27 Spellcasting
 - Level 23.9(27) Conjurations
 - Level 6.0(10.5) Charms
 - Level 9.5(13.8) Summonings
 + Level 19.5(23.1) Necromancy
 - Level 24.6(27) Translocations
 + Level 19.0(22.6) Transmutations
 - Level 24.0(27) Fire Magic
 - Level 24.0(27) Ice Magic
 - Level 2.1(5.5) Air Magic
 - Level 24.0(27) Evocations


You couldn't memorise any spells.
You knew the following spells:

 Your Spells              Type           Power        Failure   Level  Hunger
a - Necromutation         Trmt/Necr      ########..   2%          8    None
b - Ozocubu's Armour      Chrm/Ice       ########     1%          3    None
c - Glaciate              Conj/Ice       #########.   5%          9    None
d - Fire Storm            Conj/Fire      #########.   5%          9    None
e - Singularity           Tloc           #########.   5%          9    None
f - Deflect Missiles      Chrm/Air       ########..   7%          6    None
g - Flight                Chrm/Air       ########..   1%          3    None
h - Aura of Abjuration    Summ           ########..   1%          6    None
i - Spellforged Servitor  Conj/Summ      ########..   1%          7    None
j - Controlled Blink      Tloc           N/A          1%          7    None
l - Haste                 Chrm           ########     3%          6    None
m - Control Teleport      Chrm/Tloc      ########..   1%          4    None
r - Regeneration          Chrm/Necr      ########..   1%          3    None


Dungeon Overview and Level Annotations

Branches:
Dungeon (15/15)            Temple (1/1) D:4            Lair (8/8) D:8
 Shoals (5/5) Lair:4       Spider (5/5) Lair:5        Slime (6/6) Lair:6
    Orc (4/4) D:9             Elf (0/3) Orc:3        Vaults (5/5) D:13
  Crypt (3/3) Vaults:2       Tomb (3/3) Crypt:3      Depths (5/5) D:15
   Hell (1/1)                 Dis (7/7) Hell            Geh (7/7) Hell
    Coc (7/7) Hell            Tar (7/7) Hell            Zot (5/5) Depths:5

Altars:
Ashenzari
Cheibriados
Dithmenos
Elyvilon
Fedhas
Gozag
Kikubaaqudgha
Makhleb
Nemelex Xobeh
Okawaru
Qazlal
Ru
Sif Muna
Trog
Vehumet
Xom
Yredelemnul
Zin
The Shining One
Beogh

Shops:
D:11 (   D:13 (   D:14 %   Orc:4 [(?%   Shoals:1 !   Shoals:2 :   Vaults:2 }
Depths:1 *

Portals:
Hell: Depths:1 Depths:2 Depths:3 Depths:4 Depths:5
Abyss: Depths:1 Depths:4
Pandemonium: Depths:1 Depths:3 Depths:4


Innate Abilities, Weirdness & Mutations

You can spit globs of acid.
You can corrode armour when you spit acid.
You are resistant to acid.
Your golden yellow scales are hard (AC +13).
Your body does not fit into most forms of armour.
You have acidic saliva.
Your cold-blooded metabolism reacts poorly to cold.
You have a pair of small antennae on your head.
You are agile. (Dex +2)
Scrolls take you a little longer to read.
Your flesh is heat resistant.
You passively map the area around you.
You rapidly evolve.


Message History

You kill your hobgoblin!
Your hobgoblin's corpse shimmers and vanishes!
The orb of electricity engulfs your hobgoblin.
You kill your hobgoblin!
Your hobgoblin's corpse dissolves into shadows!
The orb of electricity engulfs your rat.
You kill your rat!
Your rat's corpse dissolves into shadows!
You hear a mighty clap of thunder! x2
The orb of electricity explodes! x2
The orb of electricity engulfs you! You resist.
The orb of electricity explodes!
The orb of electricity engulfs you! You resist.
Unknown command.
Unknown command.
Read which item? (? for menu, Esc to quit)
Okay, then.
Drop what? 51/52 slots (_ for help) (? for menu, Esc to quit)
Okay, then.
You have escaped!

.#.......#.##....# #.##.##.##
.###...###.####.## #.##.##.##
.# #...# ### ### #.##)#..##
.# ##.####.####.## #......###
.# #..##...##.#'# ####.#.###
.#
####.....'##.##########......
## ##..[###...##..........###
##.###.....##.####.####
#'##...@...ยง.# #.#
##.###.....##### #{#
##...###...##...# #{#
#...).{##.#####.# #.#
##...##.#'# #.# #.#
###.####.## #.# #.#
########.### ##### #.# #.#
.........### #...#####.###.##
...........# ##.............#


There were no monsters in sight!

Vanquished Creatures
  Antaeus (Coc:7)
  Asmodeus (Geh:7)
  the royal jelly (Slime:6)
  Ereshkigal (Tar:7)
  Gloorx Vloq (Pan)
  A seraph (Pan)
  Mnoleg (Pan)
  Lom Lobon (Pan)
  6 orbs of fire
  20 ancient liches
  12 greater mummies
  Boris (Vaults:4)
  Sojobo (Vaults:5)
  74 pandemonium lords
  Saint Roka (Depths:2)
  11 shard shrikes
  21 Killer Klowns
  3 curse toes
  9 caustic shrikes
  Mara (Depths:2)
  Mennas (Depths:3)
  Geryon (Hell)
  A golden dragon (shapeshifter) (Zig:13)
  20 golden dragons
  Jory (Vaults:4)
  Xtahua (Depths:4)
  3 profane servitors
  Frederick (Vaults:2)
  2 pearl dragons (Pan)
  the Enchantress (Depths:3)
  9 bone dragons
  A spellforged servitor (Zig:23)
  5 hellephants
  9 electric golems
  38 Brimstone Fiends
  29 tentacled monstrosities
  30 Hell Sentinels
  27 Orb Guardians
  15 quicksilver dragons
  28 Ice Fiends
  3 quicksilver dragons (shapeshifter)
  A Cloud Mage (WizLab)
  13 deep elf blademasters
  10 titans
  24 Shadow Fiends
  16 acid blobs
  The ghost of nubinia the Eclecticist, a mighty VSCj of Sif Muna (Vaults:3)
  9 deep elf master archers
  Polyphemus (Shoals:5)
  25 liches
  An eldritch tentacle (Zig:25)
  7 sphinxes
  2 octopode crushers
  72 Executioners
  11 tentacled starspawn
  Rupert (Shoals:1)
  Agnes (Vaults:2)
  7 ancient champions
  A storm dragon (shapeshifter) (Zig:25)
  Kirke (Spider:4)
  23 shadow dragons
  24 storm dragons
  3 thorn hunters (Zig:19)
  12 daevas
  11 revenants
  31 blood saints
  14 tengu reavers
  14 greater nagas
  13 azure jellies
  Ilsuiw (Shoals:5)
  4 draconian monks
  A fire giant (shapeshifter) (Zig:25)
  13 emperor scorpions
  Donald (Shoals:1)
  Wiglaf (Depths:3)
  69 balrugs
  7 orc warlords
  9 draconian scorchers
  3 caustic shrike zombies
  9 draconian knights
  3 deep elf sorcerers
  19 fire giants
  20 vault wardens
  4 curse skulls
  40 ghost moths
  6 draconian zealots
  7 iron dragons
  5 ghouls
  15 frost giants
  3 spriggan defenders (Depths:3)
  69 cacodemons
  17 angels (Pan)
  8 war gargoyles
  26 very ugly things
  7 draconian annihilators
  Jorgrun (Shoals:2)
  21 warmongers
  12 ophanim (Pan)
  3 caustic shrike skeletons
  21 ironheart preservers
  52 reapers
  30 stone giants
  7 draconian shifters
  5 draconian callers (Zig:22)
  2 elemental wellsprings (Coc:7)
  21 apis
  10 deep elf demonologists
  6 vampire knights
  2 salamander firebrands
  10 dire elephants
  4 white draconians
  10 grey draconians
  4 green draconians
  6 purple draconians
  25 lorocyprocas
  A Killer Klown skeleton (Crypt:2)
  5 bennus
  A fulminant prism (Pan)
  A dire elephant (shapeshifter) (Zig:25)
  9 black draconians
  13 deep elf annihilators
  27 corrupters
  7 mottled draconians
  6 yellow draconians
  30 chaos champions
  9 pale draconians
  13 red draconians
  6 unborn
  5 eidola
  8 deep elf death magi
  20 black suns
  11 merfolk javelineers
  16 mummy priests
  A crystal guardian (Crypt:3)
  21 ettins
  13 merfolk impalers
  37 vault guards
  29 fire dragons
  7 death oozes
  2 very ugly thing zombies (Vaults:3)
  21 death cobs
  Josephine (D:10)
  A quicksilver dragon zombie (Geh:6)
  58 green deaths
  34 ice dragons
  10 deep elf high priests
  18 yaktaur captains
  7 jiangshi
  45 blizzard demons
  17 great orbs of eyes
  26 hydras
  Fannar (Orc:2)
  Harold (D:11)
  5 naga warriors
  24 ogre magi
  An ice dragon (shapeshifter) (Depths:1)
  12 catoblepae
  9 spriggan air magi
  4 ghost crabs
  Nessos (D:15)
  31 monstrous demonspawn
  4 merfolk avatars
  4 anacondas
  41 hell beasts
  22 rakshasas
  An alligator snapping turtle (shapeshifter) (Zig:25)
  10 deep troll earth magi
  9 merfolk aquamancers
  5 satyrs
  13 centaur warriors
  A spectral frost giant (Crypt:2)
  2 dancing weapons
  2 death knights (Crypt:2)
  11 deep troll shamans
  An anaconda (shapeshifter) (Zig:25)
  An alligator snapping turtle (Shoals:5)
  6 orc high priests
  An alligator (shapeshifter) (Vaults:2)
  3 tengu warriors
  20 death yaks
  4 naga sharpshooters
  4 vampire magi
  4 spriggan berserkers
  A shock serpent (shapeshifter) (Zig:23)
  A spectral spriggan (Zig:19)
  7 titan zombies
  39 soul eaters
  A spectral elf (Zig:23)
  5 shock serpents
  10 thrashing horrors
  9 hell hogs
  34 hell knights
  4 salamander mystics
  83 sun demons
  Erolcha (Orc:2)
  2 storm dragon zombies
  A titan skeleton (Zig:20)
  8 wretched stars
  45 ice devils
  3 iron golems (Hell)
  A fire crab (Vaults:5)
  A fire crab (shapeshifter) (Vaults:1)
  55 skeletal warriors
  7 iron trolls
  4 golden dragon zombies
  11 shadow wraiths
  19 death scarabs
  13 sea snakes
  A sea snake (shapeshifter) (D:13)
  A spatial maelstrom (Abyss:5)
  3 ball lightnings (Pan)
  12 death drakes
  7 flayed ghosts
  3 naga ritualists
  28 deep elf knights
  39 deep trolls
  5 storm dragon skeletons
  12 cherubim
  4 shambling mangroves
  A giant orange brain (shapeshifter) (D:15)
  A death drake (shapeshifter) (Vaults:5)
  22 gelid demonspawn (Pan)
  15 necromancers
  A lindwurm (Depths:3)
  26 starcursed masses
  5 unseen horrors
  21 swamp dragons
  4 giant orange brains
  18 ironbrand convokers
  4 tengu zombies
  8 ice statues
  43 shadow demons
  32 torturous demonspawn
  2 shadow dragon zombies
  An obsidian statue (Zot:4)
  11 hill giants
  2 anaconda zombies (Coc:7)
  32 putrid demonspawn
  20 orc knights
  2 anaconda skeletons
  17 deep elf summoners
  34 infernal demonspawn
  2 spriggan druids (Zig:19)
  6 deathcaps
  A golden dragon skeleton (Zig:26)
  2 sphinx zombies (Zig:26)
  8 mana vipers
  14 wolf spider zombies
  2 iron dragon zombies (Zig:26)
  14 fauns
  A hill giant (shapeshifter) (Zig:6)
  15 deep elf conjurers
  16 griffons
  59 wolf spiders
  26 harpies
  6 shadow dragon skeletons
  50 orb spiders
  11 anubis guards
  18 phantasmal warriors
  2 frost giant zombies
  17 wizards
  A sphinx skeleton (Zig:16)
  90 ugly things
  2 moths of wrath (shapeshifter)
  2 fire giant zombies
  26 moths of wrath
  43 hornets
  6 draconian zombies (Zig:22)
  6 orc sorcerers
  2 tengu skeletons
  9 water nymphs
  10 cyclopes
  19 manticores
  14 salamanders
  16 oklob plants
  A stone giant skeleton (Coc:7)
  8 apocalypse crabs
  2 octopodes (shapeshifter)
  109 sixfirhies
  15 elephants
  A dire elephant zombie (Tomb:1)
  An iron dragon skeleton (Zig:26)
  9 worldbinders
  5 frost giant skeletons
  2 draconians (shapeshifter)
  A hornet (shapeshifter) (Zig:18)
  105 large abominations
  11 guardian serpents
  2 spriggan zombies
  11 sirens
  5 eyes of devastation
  126 orange demons
  A faun (shapeshifter) (Zig:13)
  4 molten gargoyles
  24 vault sentinels
  A spiny frog (shapeshifter) (Depths:4)
  2 demonspawn zombies (Pan)
  2 elephants (shapeshifter)
  2 spriggan skeletons
  2 storm dragon simulacra (Zig:23)
  A gargoyle (D:14)
  10 torpor snails
  27 black mambas
  A mottled draconian zombie (Zig:22)
  A dire elephant skeleton (Coc:7)
  18 rust devils
  7 shining eyes
  42 tormentors
  A shock serpent skeleton (Geh:7)
  A green draconian zombie (Zig:22)
  104 smoke demons
  48 hellions
  2 anaconda simulacra
  29 spiny frogs
  11 efreet
  34 demonic crawlers
  16 small abominations
  17 komodo dragons
  8 naga magi
  42 yaktaurs
  122 hellwings
  79 red devils
  35 guardian mummies
  4 tengu conjurers
  A golden dragon simulacrum (Zig:20)
  A troll (shapeshifter) (Zig:25)
  40 freezing wraiths
  11 ancient zymes
  2 giant leeches (Zig:4)
  8 trolls
  A green draconian skeleton (Geh:4)
  47 jumping spiders
  58 merfolk
  9 blink frogs
  11 wind drakes
  11 wandering mushrooms
  9 deep elf priests
  A polar bear (shapeshifter) (Zig:25)
  19 polar bears
  45 blue devils
  26 fire drakes
  4 earth elementals (Pan)
  29 two-headed ogres
  A tengu simulacrum (Vaults:1)
  A trapdoor spider zombie (D:11)
  Grinder (D:6)
  2 silent spectres
  Prince Ribbit (D:6)
  219 fire vortices
  A sphinx simulacrum (Vaults:3)
  2 bog bodies (Zig:19)
  A harpy skeleton (D:12)
  13 ushabtiu
  8 hydra zombies
  55 slime creatures
  A slime creature (shapeshifter) (Vaults:5)
  10 snapping turtles
  A snapping turtle (shapeshifter) (Zig:2)
  13 boulder beetles
  A boulder beetle (shapeshifter) (Zig:13)
  9 tarantella zombies (Spider:3)
  2 ettin zombies
  13 ravens
  A hydra skeleton (Coc:7)
  27 raiju
  A fire dragon zombie (Geh:7)
  53 flying skulls
  An alligator skeleton (Geh:7)
  2 alligator zombies (Hell)
  11 basilisks
  2 tarantellas (shapeshifter)
  55 air elementals
  A hog (Spider:4)
  46 yaks
  2 redbacks (shapeshifter)
  62 redbacks
  6 spriggans
  43 trapdoor spiders
  3 ice dragon skeletons
  A spriggan (shapeshifter) (Zig:18)
  54 tarantellas
  100 ynoxinuls
  A human (D:13)
  11 elf zombies
  5 fire bats
  28 deep elf magi
  A hog (shapeshifter) (Vaults:1)
  A purple draconian simulacrum (Zot:4)
  15 shadows
  Eustachio (D:5)
  10 wyverns
  A wolf (shapeshifter) (Vaults:2)
  23 water elementals
  2 humans (shapeshifter)
  A black mamba skeleton (Coc:7)
  34 deep elf fighters
  8 golden eyes
  10 vampires
  30 wraiths
  90 neqoxecs
  Grum (Orc:2)
  8 steam dragons
  8 mottled dragons
  7 elf skeletons
  26 chaos spawn
  A catoblepas simulacrum (Hell)
  8 vampire mosquitoes
  2 yaktaur simulacra (Vaults:2)
  2 fire elementals
  A soldier ant (D:12)
  24 hippogriffs
  12 hungry ghosts
  5 wargs
  A hippogriff (shapeshifter) (Vaults:5)
  4 spatial vortices (Abyss:5)
  34 wolves
  23 hell hounds
  3 spiny frog zombies
  8 nagas
  12 insubstantial wisps
  44 water moccasins
  13 ice beasts
  2 hydra simulacra
  73 ogres
  3 black bears
  An infernal demonspawn skeleton (Crypt:2)
  7 porcupines
  12 swamp drakes
  2 sky beasts
  A deep troll skeleton (Vaults:3)
  61 spiders
  11 wasps
  14 necrophages
  55 orc warriors
  3 phantoms
  A manticore zombie (Geh:7)
  23 boggarts
  A crocodile (shapeshifter) (Vaults:4)
  12 eyes of draining
  16 centaurs
  2 boring beetles (shapeshifter)
  A manticore skeleton (Hell)
  4 boring beetles
  31 crocodiles
  A swamp dragon skeleton (Crypt:3)
  A snapping turtle skeleton (Coc:7)
  Duvessa (D:4)
  26 giant frogs
  4 brain worms
  A brain worm (shapeshifter) (D:15)
  6 big kobolds
  2 wyvern zombies
  A spiny frog simulacrum (Hell)
  2 gnoll sergeants (D:10)
  4 human skeletons
  A hell hound zombie (Hell)
  6 spider zombies (Spider:3)
  A troll zombie (Crypt:2)
  2 elf simulacra
  17 scorpions
  2 manticore simulacra
  2 lava snakes (Volcano)
  An orc simulacrum (Vaults:2)
  An oklob sapling (Zot:4)
  19 wights
  4 centaur zombies
  16 killer bees
  An electric eel (Lair:7)
  5 goliath beetles
  Dowan (D:4)
  19 crimson imps
  A giant frog zombie (D:5)
  31 jellies
  2 giant frog skeletons (D:12)
  5 human simulacra (Vaults:2)
  11 quasits
  14 hounds
  16 iron imps
  42 orc priests
  2 centaur skeletons
  2 gnoll shamans (D:10)
  48 orc wizards
  11 iguanas
  8 hell rats
  4 lightning spires
  12 worker ants
  23 sheep
  2 ogre zombies (Vaults:3)
  Ijyb (D:5)
  Jessica (D:2)
  2 hound zombies
  2 hound skeletons
  67 mummies
  2 worker ant zombies (D:5)
  A scorpion zombie (D:5)
  48 adders
  9 human zombies
  114 river rats
  29 shadow imps
  19 gnolls
  30 white imps
  4 worms (D:3)
  3 giant eyeballs (Pan)
  180 ufetubi
  An adder zombie (D:5)
  3 giant geckos
  4 oozes
  262 orcs
  A ball python (D:2)
  2 bat skeletons (D:5)
  A bat zombie (D:5)
  27 goblins
  28 hobgoblins
  20 jackals
  11 quokkas
  A ball python zombie (D:5)
  12 bats
  4 giant cockroaches
  A giant cockroach zombie (D:5)
  2 giant newts (D:2)
  A giant spore (D:11)
  5 hobgoblin zombies (Ossuary)
  A jackal zombie (Ossuary)
  39 kobolds
  9 kobold zombies (Ossuary)
  A lurking horror (Zig:19)
  8 orc zombies
  3 quokka skeletons
  2 quokka zombies (D:5)
  11 rats
  4 ballistomycetes (D:11)
  136 blocks of ice
  A briar patch (Zig:19)
  15 bushes (Zot:2)
  2 butterflies (Abyss:1)
  A crawling corpse (Zig:17)
  An eldritch tentacle segment (Pan)
  11 fungi (Zot:2)
  11 grand avatars
  51 plants
  15 starspawn tentacles
  A starspawn tentacle segment (Zig:9)
8202 creatures vanquished.

Vanquished Creatures (collateral kills)
  the Serpent of Hell (Dis:7)
  Dispater (Dis:7)
  An orb of fire (Zot:5)
  3 ancient liches
  18 greater mummies
  A pandemonium lord (Zot:2)
  A golden dragon (Zig:10)
  A bone dragon (Crypt:3)
  6 Brimstone Fiends
  5 Ice Fiends
  3 Hell Sentinels (Dis:7)
  A tentacled monstrosity (Crypt:3)
  3 liches
  13 acid blobs
  2 quicksilver dragons (Dis:7)
  2 Shadow Fiends
  3 sphinxes (Tomb:1)
  An ancient champion (Tomb:1)
  A daeva (Zot:2)
  6 azure jellies
  2 revenants
  3 iron dragons (Dis:7)
  2 balrugs (Geh:6)
  2 cacodemons (Pan)
  5 emperor scorpions
  5 ghouls
  A draconian shifter (Zig:22)
  A draconian caller (Zot:5)
  13 reapers
  An ophan (Pan)
  12 war gargoyles
  6 bennus
  An apis (Pan)
  A vampire knight (Crypt:3)
  A purple draconian (Zot:5)
  2 black draconians (Zot:5)
  A lorocyproca (Pan)
  A chaos champion (Pan)
  2 pale draconians
  An unborn (Tomb:1)
  A merfolk javelineer (Shoals:5)
  2 crystal guardians (Crypt:3)
  5 death oozes (Slime:6)
  A quicksilver dragon zombie (Dis:7)
  An eidolon (Crypt:1)
  17 mummy priests
  11 jiangshi
  2 great orbs of eyes
  An ice dragon (Zot:5)
  A spriggan air mage (Zig:16)
  4 dancing weapons (Crypt:3)
  2 death knights (Crypt:2)
  2 centaur warriors
  A titan zombie (Tomb:3)
  6 hell hogs (Geh:6)
  8 soul eaters
  A vampire mage (Crypt:2)
  2 sun demons (Geh:6)
  A titan skeleton (Crypt:2)
  3 shadow wraiths
  A storm dragon skeleton (Zig:20)
  A spectral emperor scorpion (Tomb:1)
  24 skeletal warriors
  5 hell knights (Crypt:3)
  24 death scarabs
  2 ice devils
  A cherub (D:4)
  An infernal demonspawn (Pan)
  A golden dragon zombie (Crypt:3)
  An anaconda zombie (Coc:5)
  A ghost moth zombie (Dis:7)
  A gelid demonspawn (Zot:2)
  3 shadow dragon zombies
  A torturous demonspawn (Zot:2)
  4 flayed ghosts
  A putrid demonspawn (Zot:2)
  10 anubis guards
  7 necromancers
  A golden dragon skeleton (Zig:20)
  4 mana vipers (Tomb:1)
  A spectral fire dragon (Tomb:2)
  A wolf spider zombie (Coc:7)
  3 shadow dragon skeletons
  4 phantasmal warriors
  A hornet (Spider:5)
  2 frost giant zombies
  2 sixfirhies
  A wolf spider (Spider:5)
  A draconian zombie (Zig:22)
  An orb spider (Zig:20)
  A stone giant zombie (Coc:7)
  A frost giant skeleton (Crypt:2)
  3 elephants (Lair:5)
  A stone giant skeleton (Crypt:3)
  A smoke demon (Pan)
  A spriggan zombie (Zig:26)
  7 rust devils
  5 orange demons
  A torpor snail (Spider:5)
  2 eyes of devastation (Slime:6)
  A yellow draconian zombie (Crypt:2)
  A sea snake zombie (Crypt:2)
  2 hellions (Geh:6)
  A fire drake (Zot:5)
  3 hellwings
  A demonic crawler (Spider:5)
  16 guardian mummies
  2 blue devils
  8 freezing wraiths
  2 tormentors (Dis:7)
  6 red devils
  A hydra skeleton (Geh:6)
  An alligator zombie (Hell)
  2 bog bodies (Crypt:2)
  32 slime creatures
  17 ushabtiu (Tomb:3)
  An iron dragon simulacrum (Tomb:2)
  58 flying skulls
  A trapdoor spider (Spider:5)
  3 fire dragon zombies
  An ice dragon zombie (Crypt:2)
  11 shadows
  A deep elf mage (Vaults:5)
  2 ynoxinuls (Pan)
  A fire dragon skeleton (Geh:6)
  A yak (Lair:4)
  5 vampires
  3 tarantellas
  7 wraiths
  2 golden eyes (Slime:5)
  2 water elementals
  An elf skeleton (Zig:20)
  A wind drake skeleton (Crypt:2)
  3 neqoxecs
  3 chaos spawn
  5 hungry ghosts
  A naga (Zig:14)
  A spiny frog zombie (Coc:7)
  Menkaure (D:5)
  2 human zombies (Crypt:3)
  11 hell hounds
  6 large abominations
  A spiny frog skeleton (Crypt:3)
  An ice beast (Coc:7)
  9 necrophages
  A snapping turtle zombie (Dis:7)
  An ogre (D:4)
  8 centaurs
  A snapping turtle skeleton (Hell)
  A manticore skeleton (Crypt:3)
  2 big kobolds (Zig:15)
  A small abomination (Zot:2)
  A monstrous demonspawn simulacrum (Tomb:3)
  A troll zombie (Tomb:3)
  A raiju skeleton (Crypt:2)
  6 wights
  A troll skeleton (Tomb:2)
  A crimson imp (Geh:6)
  A giant frog zombie (Crypt:2)
  11 jellies
  2 iron imps (Dis:7)
  A human skeleton (Tomb:3)
  A tengu zombie (Crypt:2)
  2 big kobold skeletons
  25 mummies
  6 white imps
  2 ufetubi (Pan)
  2 orcs (Zig:14)
  A goblin (Zig:14)
  A bat (D:6)
  A rat (D:5)
  7 blocks of ice
  2 fungi
674 creatures vanquished.

Vanquished Creatures (others)
  3 pandemonium lords
  A golden dragon (Vaults:5)
  4 eldritch tentacles
  An Executioner (Pan)
  A fire giant (Vaults:5)
  A draconian shifter (Zig:22)
  2 caustic shrike skeletons
  An elemental wellspring (Coc:7)
  A stone giant (Vaults:3)
  2 lorocyprocas (Pan)
  A bennu (Tomb:3)
  4 fulminant prisms (Pan)
  A deep elf death mage (Zig:23)
  A blizzard demon (Zig:18)
  A great orb of eyes (Zig:24)
  A yaktaur captain (Vaults:1)
  2 ice dragons
  A hell beast (Pan)
  An alligator (Zig:19)
  A titan skeleton (Geh:7)
  32 death scarabs
  A skeletal warrior (Tomb:2)
  4 ball lightnings (Pan)
  A storm dragon skeleton (Zig:15)
  A quicksilver dragon simulacrum (Zig:24)
  A golden dragon zombie (Geh:4)
  2 wizards (Pan)
  A putrid demonspawn (Pan)
  An ice devil (Pan)
  A harpy (D:13)
  A shadow dragon skeleton (Geh:4)
  An orb spider (Zig:20)
  A cyclops (Vaults:2)
  A faun (Shoals:4)
  A mana viper (Tomb:3)
  3 manticores
  A moth of wrath (Zot:2)
  A draconian zombie (Zig:22)
  2 sixfirhies
  A frost giant skeleton (Tar:7)
  4 smoke demons (Pan)
  An orange demon (Pan)
  A demonic crawler (Zig:22)
  4 yaktaurs
  2 hellwings (Pan)
  2 guardian mummies (Zig:20)
  A merfolk (Shoals:4)
  515 fire vortices
  3 large abominations
  An ice dragon zombie (Geh:7)
  3 ushabtiu (Tomb:3)
  2 ynoxinuls
  2 wyverns
  9 flying skulls
  A wraith (Zig:26)
  A chaos spawn (Zig:19)
  3 humans (Spider:5)
  A golden eye (Zig:19)
  A wolf (IceCv)
  A mottled dragon (Zig:17)
  3 small abominations
  A swamp drake (Zig:17)
  6 lost souls
  A centaur (D:11)
  A scorpion (Zig:20)
  2 wights
  An iron imp (Pan)
  An orc priest (Vaults:2)
  2 mummies
  A shadow imp (D:5)
  4 ufetubi
  2 white imps (Coc:7)
  An orc (Depths:2)
  A giant spore (D:11)
  2 lurking horrors
  A ballistomycete (D:11)
  1711 blocks of ice
  8 briar patches (Zig:19)
  2 butterflies (Abyss:1)
  318 eldritch tentacle segments
  19 fungi
  12 plants
  97 singularities
  11 starspawn tentacles
  196 starspawn tentacle segments
3051 creatures vanquished.

Grand Total: 11927 creatures vanquished

Notes
Turn   | Place    | Note
--------------------------------------------------------------
     0 | D:1      | roverover, the Draconian Wizard, began the quest for the Orb.
     0 | D:1      | Reached XP level 1. HP: 14/14 MP: 4/4
   677 | D:1      | Reached XP level 2. HP: 20/20 MP: 1/6
   728 | D:1      | Learned a level 2 spell: Call Imp
  1377 | D:2      | Reached XP level 3. HP: 24/26 MP: 0/7
  1719 | D:2      | Noticed Jessica
  1726 | D:2      | Killed Jessica
  1726 | D:2      | Reached skill level 4 in Conjurations
  1726 | D:2      | Reached XP level 4. HP: 33/33 MP: 2/9
  2338 | D:3      | Learned a level 3 spell: Conjure Flame
  2584 | D:3      | Reached XP level 5. HP: 38/38 MP: 7/11
  2859 | D:3      | Reached skill level 5 in Conjurations
  3158 | D:4      | Found a sand-covered staircase.
  3164 | D:4      | Learned a level 2 spell: Blink
  3166 | Ossuary  | Entered an ossuary
  3810 | D:4      | Reached skill level 6 in Conjurations
  3810 | D:4      | Reached XP level 6. HP: 39/45 MP: 6/12
  3863 | D:4      | Learned a level 3 spell: Mephitic Cloud
  3923 | D:4      | Noticed Dowan
  3925 | D:4      | Noticed Duvessa
  3930 | D:4      | Noticed an ogre
  4074 | D:4      | Killed an ogre
  4074 | D:4      | Reached skill level 7 in Conjurations
  4083 | D:4      | Killed Dowan
  4094 | D:4      | Killed Duvessa
  4094 | D:4      | Your scales start taking on a golden yellow colour.
  4094 | D:4      | Reached XP level 7. HP: 25/50 MP: 1/14
  4197 | D:4      | Noticed an ogre
  4201 | D:4      | Killed an ogre
  4201 | D:4      | Reached skill level 1 in Fire Magic
  4201 | D:4      | Reached skill level 1 in Air Magic
  4444 | D:4      | Found a staircase to the Ecumenical Temple.
  4500 | Temple   | Entered the Ecumenical Temple
  4584 | Temple   | Became a worshipper of Ashenzari the Shackled
  4996 | D:5      | Entered Level 5 of the Dungeon
  5211 | D:5      | Noticed Eustachio
  5215 | D:5      | Noticed Menkaure
  5292 | D:5      | Noticed Ijyb
  5302 | D:5      | Killed Ijyb
  5460 | D:5      | Killed Menkaure
  6284 | D:6      | Found a deep blue altar of Sif Muna.
  6288 | D:6      | Identified Sif Muna's Compendium of Confrontation
  6292 | D:6      | Found an ancient bone altar of Kikubaaqudgha.
  6296 | D:6      | Identified Kikubaaqudgha's Collected Works on Sinister Magic
  6300 | D:6      | Found a radiant altar of Vehumet.
  6304 | D:6      | Identified Vehumet's Disquisition on Arcane Weapons
  6431 | D:5      | Reached XP level 8. HP: 57/57 MP: 16/16
  6715 | D:5      | Reached skill level 1 in Fighting
  7047 | D:5      | Killed Eustachio
  7096 | D:6      | Noticed Prince Ribbit
  7112 | D:6      | Killed Prince Ribbit
  7140 | D:6      | Found a sacrificial altar of Ru.
  7328 | D:6      | Found an opulent altar of Gozag.
  7481 | D:6      | Noticed Grinder
  7556 | D:6      | Killed Grinder
  7556 | D:6      | Reached skill level 5 in Fighting
  8374 | D:7      | Found a snail-covered altar of Cheibriados.
  8387 | D:7      | Reached XP level 9. HP: 74/74 MP: 17/17
  8458 | D:7      | Found a blossoming altar of Fedhas.
  8547 | D:7      | Reached skill level 5 in Dodging
  8878 | D:7      | Found a stormy altar of Qazlal.
  9036 | D:7      | Found a glowing golden altar of the Shining One.
  9359 | D:8      | Found a shadowy altar of Dithmenos.
  9616 | D:8      | Found a burning altar of Makhleb.
 10026 | D:8      | Found a staircase to the Lair.
 10063 | D:8      | Reached skill level 8 in Fighting
 10112 | D:8      | Reached XP level 10. HP: 65/90 MP: 10/18
 10303 | D:8      | Reached skill level 9 in Fighting
 10928 | D:9      | Found a staircase to the Orcish Mines.
 11009 | D:9      | Acquired Ashenzari's first power
 11140 | D:9      | Reached skill level 1 in Evocations
 12079 | D:9      | Found a burning altar of Makhleb.
 12171 | D:9      | Found a bloodstained altar of Trog.
 12171 | D:9      | Found an iron altar of Okawaru.
 12217 | D:10     | Entered Level 10 of the Dungeon
 12328 | D:10     | Reached skill level 10 in Fighting
 12388 | D:10     | Reached skill level 1 in Maces & Flails
 12663 | D:10     | Noticed Josephine
 12677 | D:10     | Killed Josephine
 12677 | D:10     | Reached skill level 5 in Maces & Flails
 12736 | D:10     | Reached skill level 1 in Shields
 12880 | D:10     | Reached XP level 11. HP: 87/99 MP: 6/20
 13078 | D:10     | Noticed a hill giant
 13106 | D:10     | Killed a hill giant
 13557 | D:10     | Reached skill level 5 in Shields
 14107 | D:11     | Noticed Harold
 14150 | D:12     | Acquired Ashenzari's second power
 14360 | D:11     | Noticed a hill giant
 14374 | D:11     | Killed a hill giant
 14744 | Lair:1   | Entered Level 1 of the Lair of Beasts
 16485 | Lair:2   | Noticed an eight-headed hydra
 16977 | Lair:2   | Killed an eight-headed hydra
 16977 | Lair:2   | Reached skill level 5 in Spellcasting
 17046 | Lair:2   | Reached XP level 12. HP: 104/106 MP: 25/25
 17084 | Lair:2   | Acquired Ashenzari's third power
 17757 | Lair:2   | Found a bloodstained altar of Trog.
 18861 | Lair:3   | Acquired Ashenzari's fourth power
 19840 | Lair:4   | Reached skill level 10 in Shields
 20196 | Lair:4   | Noticed a six-headed hydra
 20250 | Lair:4   | Found a staircase to the Shoals.
 20269 | Lair:4   | Killed a six-headed hydra
 20808 | Lair:5   | Reached skill level 11 in Shields
 21303 | Lair:5   | Noticed a five-headed hydra
 21319 | Lair:5   | Killed a five-headed hydra
 21319 | Lair:5   | Reached XP level 13. HP: 113/113 MP: 26/26
 21479 | Lair:5   | Found a hole to the Spider Nest.
 22415 | Lair:6   | Found a staircase to the Slime Pits.
 23109 | Lair:7   | Reached skill level 10 in Conjurations
 23421 | Lair:7   | Identified a scroll of acquirement
 23431 | Lair:7   | Learned a level 2 spell: Repel Missiles
 24277 | Lair:6   | Learned a level 5 spell: Bolt of Draining
 24433 | Lair:6   | Reached skill level 1 in Necromancy
 25055 | Lair:7   | Reached skill level 5 in Necromancy
 25356 | Lair:7   | Gained mutation: You have acidic saliva. [draconian growth]
 25356 | Lair:7   | Reached XP level 14. HP: 67/121 MP: 19/27
 25729 | Lair:8   | Entered Level 8 of the Lair of Beasts
 26183 | Lair:8   | Reached skill level 12 in Shields
 27044 | Lair:8   | Identified the cursed +0 shield of Skur {Str+3} (You acquired it on level 8 of the Lair of Beasts)
 28001 | Lair:1   | Learned a level 6 spell: Monstrous Menagerie
 28095 | Orc:1    | Entered Level 1 of the Orcish Mines
 28504 | Orc:2    | Noticed Erolcha
 28508 | Orc:2    | Killed Erolcha
 28562 | Orc:2    | Found a dark tunnel.
 28571 | Volcano  | Entered a volcano
 28997 | Volcano  | Found a bloodstained altar of Trog.
 29747 | Orc:2    | Noticed Grum
 29767 | Orc:2    | Killed Grum
 29953 | Orc:2    | Noticed Fannar
 29974 | Orc:2    | Killed Fannar
 30655 | Orc:3    | Found a staircase to the Elven Halls.
 31116 | Orc:3    | Found a roughly hewn altar of Beogh.
 31254 | Orc:3    | Reached skill level 5 in Summonings
 31648 | Orc:4    | Entered Level 4 of the Orcish Mines
 31736 | Orc:4    | Found a roughly hewn altar of Beogh.
 31928 | Orc:4    | Found an iron altar of Okawaru.
 32057 | Orc:4    | Noticed an orc warlord
 32161 | Orc:4    | Killed an orc warlord
 32628 | Orc:4    | Found a roughly hewn altar of Beogh.
 32629 | Orc:4    | Found Idalom's Antique Weapon Emporium.
 32632 | Orc:4    | Found Rotas' Antique Armour Shoppe.
 32643 | Orc:4    | Bought the +3 pair of gauntlets of War {Slay+5} for 1045 gold pieces
 32750 | Orc:4    | Found a roughly hewn altar of Beogh.
 32824 | Orc:4    | Found a roughly hewn altar of Beogh.
 32925 | Orc:4    | Found a roughly hewn altar of Beogh.
 32925 | Orc:4    | Found Teeha's Food Shoppe.
 33034 | Orc:4    | Found a roughly hewn altar of Beogh.
 33122 | Orc:4    | Found a roughly hewn altar of Beogh.
 33123 | Orc:4    | Found Ylyigeoh's Magic Scroll Boutique.
 33130 | Orc:4    | Reached XP level 15. HP: 112/126 MP: 11/31
 33350 | Orc:4    | Bought a scroll of holy word for 97 gold pieces
 33350 | Orc:4    | Bought a scroll of silence for 97 gold pieces
 33350 | Orc:4    | Bought a scroll of amnesia for 45 gold pieces
 33350 | Orc:4    | Bought a scroll of enchant armour for 97 gold pieces
 33622 | D:11     | Killed Harold
 33884 | D:11     | Noticed an unseen horror
 33894 | D:11     | Killed an unseen horror
 33961 | D:11     | Found Upreym's Antique Weapon Shoppe.
 33968 | D:11     | Bought an iridescent bardiche for 294 gold pieces
 33968 | D:11     | Identified the cursed -2 bardiche of Extermination {chop, +Fly MP-9 Str+6 SInv} (You bought it in a shop on level 11 of the Dungeon)
 34419 | D:12     | Noticed an eight-headed hydra
 34430 | D:12     | Killed an eight-headed hydra
 34923 | D:13     | Found Truomudgh's Antique Weapon Shoppe.
 35031 | D:13     | Found a labyrinth entrance.
 35037 | D:13     | Found a frozen archway.
 35075 | IceCv    | Entered an ice cave
 35151 | IceCv    | Reached skill level 10 in Spellcasting
 35741 | IceCv    | Identified the Disquisition on Darkness
 36809 | D:13     | Found a gate to the Vaults.
 37490 | D:14     | Learned a level 3 spell: Abjuration
 38066 | D:14     | Found Ycualix's Food Emporium.
 38220 | D:14     | Reached XP level 16. HP: 132/134 MP: 35/35
 38352 | D:15     | Entered Level 15 of the Dungeon
 38592 | D:15     | Noticed Nessos
 38605 | D:15     | Killed Nessos
 39195 | D:15     | Reached skill level 13 in Spellcasting
 39311 | D:15     | Found a staircase to the Depths.
 40584 | Spider:1 | Entered Level 1 of the Spider Nest
 41364 | Spider:1 | Reached skill level 14 in Spellcasting
 42048 | Spider:2 | Identified the +9 lajatang of Destiny {drain, rC+ Int+4}
 44117 | Spider:3 | Reached skill level 15 in Spellcasting
 44440 | Spider:3 | Identified the ring "Xuqian" {rC+ Int+4 Dex+4}
 44554 | Spider:4 | Reached XP level 17. HP: 125/140 MP: 9/38
 44708 | Spider:4 | Noticed Kirke
 44726 | Spider:5 | Entered Level 5 of the Spider Nest
 45178 | Spider:4 | Reached skill level 16 in Spellcasting
 45706 | Spider:4 | Killed Kirke
 47311 | Spider:5 | Reached skill level 17 in Spellcasting
 49371 | Spider:5 | Got a gossamer rune of Zot
 49653 | Shoals:1 | Entered Level 1 of the Shoals
 49726 | Shoals:1 | Noticed Donald
 49735 | Shoals:1 | Killed Donald
 49972 | Shoals:1 | Noticed Rupert
 49980 | Shoals:1 | Killed Rupert
 50022 | Shoals:1 | Reached skill level 18 in Spellcasting
 50160 | Shoals:1 | Found Mnou's Distillery.
 50179 | Shoals:1 | Bought a potion of beneficial mutation for 630 gold pieces
 50181 | Shoals:1 | Gained mutation: You can spit poison. [potion of beneficial mutation]
 50794 | Shoals:2 | Reached XP level 18. HP: 144/147 MP: 11/41
 50823 | Shoals:2 | Learned a level 3 spell: Regeneration
 51040 | Shoals:2 | Found Kinaner's Book Boutique.
 51095 | Shoals:2 | Noticed Jorgrun
 51110 | Shoals:2 | Killed Jorgrun
 51141 | Shoals:2 | Learned a level 6 spell: Bolt of Cold
 51149 | Shoals:2 | Learned a level 6 spell: Freezing Cloud
 51481 | Shoals:2 | Reached skill level 1 in Ice Magic
 52040 | Shoals:2 | Gained mutation: You are robust (+10% HP). [potion of beneficial mutation]
 54610 | Shoals:4 | Reached skill level 5 in Ice Magic
 54954 | Shoals:5 | Entered Level 5 of the Shoals
 54956 | Shoals:5 | Noticed Polyphemus
 55365 | Shoals:5 | Killed Polyphemus
 55365 | Shoals:5 | Reached skill level 19 in Spellcasting
 55662 | Shoals:5 | Noticed Ilsuiw
 55672 | Shoals:5 | Killed Ilsuiw
 56150 | Shoals:5 | Got a barnacled rune of Zot
 56340 | Shoals:5 | Reached XP level 19. HP: 163/169 MP: 17/42
 56544 | Shoals:5 | Learned a level 3 spell: Flight
 56761 | Shoals:5 | Identified the +4 whip "Wejexija" {vamp, Str+4 Dex+2}
 57975 | Vaults:1 | Entered Level 1 of the Vaults
 58668 | Vaults:1 | Found a portal to a secret trove of treasure.
 60563 | Vaults:2 | Reached skill level 15 in Conjurations
 60865 | Vaults:2 | Noticed Frederick
 60874 | Vaults:2 | Killed Frederick
 62434 | Vaults:1 | Reached skill level 20 in Spellcasting
 62451 | Vaults:1 | Reached XP level 20. HP: 159/177 MP: 4/43
 62634 | Vaults:1 | You paid a toll of a +3 fire dragon armour to enter a treasure trove
 62635 | Trove    | Entered a treasure trove
 62638 | Trove    | Identified the +1 pair of boots of Hospitality {+Inv Str-5 Dex+3}
 62646 | Trove    | Identified the cursed -4 large shield "Giaplit" {rElec rPois SInv Stlth-}
 62659 | Trove    | Identified a +2 pair of boots of running
 62888 | Vaults:1 | Reached skill level 10 in Ice Magic
 63338 | Lair:1   | Learned a level 7 spell: Spellforged Servitor
 63964 | Vaults:2 | Found a staircase to the Crypt.
 63964 | Vaults:2 | Noticed Agnes
 64148 | Vaults:2 | Killed Agnes
 64400 | Vaults:2 | Identified the +0 dagger of Mourning {freeze, rF++ Str+7} (You took it off an orc on level 2 of the Vaults)
 64629 | Vaults:2 | Found Pnueroaj's Gadget Emporium.
 65014 | Vaults:3 | Found a flickering gateway to a bazaar.
 65024 | Bazaar   | Entered a bazaar
 65029 | Bazaar   | Found Tras' Jewellery Emporium.
 65029 | Bazaar   | Found Mitovvas' Magic Scroll Shoppe.
 65036 | Bazaar   | Identified a -1 rod of destruction (12/12)
 65064 | Bazaar   | Bought a scroll of fear for 31 gold pieces
 65064 | Bazaar   | Bought a scroll of blinking for 67 gold pieces
 65064 | Bazaar   | Bought a scroll of enchant weapon for 67 gold pieces
 66123 | Vaults:3 | Noticed nubinia's ghost (mighty VSCj)
 66148 | Vaults:3 | Killed nubinia's ghost
 67982 | Vaults:4 | Noticed Jory
 67983 | Vaults:4 | Reached XP level 21. HP: 113/184 MP: 15/43
 68716 | Vaults:4 | Reached skill level 15 in Ice Magic
 68740 | Vaults:4 | Noticed Boris
 69808 | Shoals:2 | Bought a book of Annihilations for 1876 gold pieces
 69818 | Shoals:2 | Learned a level 9 spell: Glaciate
 69990 | Lair:1   | Learned a level 7 spell: Orb of Destruction
 70803 | Vaults:4 | Killed Boris
 71117 | Vaults:4 | Killed Jory
 71306 | Vaults:5 | Entered Level 5 of the Vaults
 71323 | Vaults:5 | Noticed an ancient lich
 71865 | Depths:1 | Entered Level 1 of the Depths
 71865 | Depths:1 | Found a one-way gate to the infinite horrors of the Abyss.
 72056 | Depths:1 | Found Zoyshoti's General Store.
 72332 | Depths:1 | Found a gateway to Hell.
 72347 | Depths:1 | Found an iron altar of Okawaru.
 72634 | Depths:1 | Found a one-way gate leading to the halls of Pandemonium.
 72671 | Depths:1 | Found a gateway to a ziggurat.
 73057 | Depths:1 | Identified the +7 quarterstaff "Nofoad" {distort, *Rage rF+ Str+4 Int+2 SInv}
 73464 | Depths:1 | Reached XP level 22. HP: 191/191 MP: 33/44
 73607 | Depths:2 | Noticed Mara
 73654 | Depths:2 | Killed Mara
 74562 | Depths:2 | Noticed Saint Roka
 74627 | Depths:2 | Killed Saint Roka
 76332 | Depths:2 | Found a blossoming altar of Fedhas.
 76497 | Depths:3 | Noticed a caustic shrike
 76497 | Depths:3 | Noticed the Enchantress
 76501 | Depths:3 | Killed a caustic shrike
 76501 | Depths:3 | Killed the Enchantress
 76709 | Depths:3 | Noticed Mennas
 76710 | Depths:3 | Noticed a caustic shrike
 76733 | Depths:3 | Noticed Wiglaf
 76766 | Depths:3 | Killed Wiglaf
 76789 | Depths:3 | Killed a caustic shrike
 76834 | Depths:3 | Found a flickering gateway to a bazaar.
 76849 | Bazaar   | Entered a bazaar
 76849 | Bazaar   | Found Pufonur's Assorted Antiques.
 76849 | Bazaar   | Found Mila's Jewellery Shop.
 76849 | Bazaar   | Found Paofyrha's Jewellery Boutique.
 76849 | Bazaar   | Found Lyblexu's Weapon Boutique.
 76867 | Bazaar   | Bought an uncursed amulet of resist mutation for 760 gold pieces
 76881 | Bazaar   | Bought a potion of agility for 108 gold pieces
 76946 | Depths:3 | Found a magical portal.
 76951 | WizLab   | Entered The Chambers of Irghis the Cloud Mage
 77491 | WizLab   | Identified the +1 cloak of Ykiem {Contam rPois Regen+ MP+9 SInv}
 77536 | WizLab   | Identified the Disquisition on the Birds and Conjuration
 77556 | WizLab   | Identified the Reference Book on Destructive Weightlessness (You found it in a wizard's laboratory)
 77700 | Depths:3 | Killed Mennas
 77865 | Depths:3 | Reached XP level 23. HP: 169/199 MP: 4/44
 79806 | Depths:4 | Noticed Xtahua
 79810 | Depths:4 | Killed Xtahua
 79928 | Depths:4 | Cast into the Abyss (an ogre mage)
 80415 | Depths:4 | Escaped the Abyss
 80521 | Depths:4 | Identified Sif Muna's Compendium of the Venomous Mountains (You found it on level 4 of the Depths)
 80534 | Depths:4 | Found a deep blue altar of Sif Muna.
 80549 | Depths:4 | Noticed an ancient lich
 80562 | Depths:4 | Killed an ancient lich
 80652 | Depths:4 | Identified the +4 blowgun of Ubban {speed, Dex+4}
 80854 | Depths:4 | Identified the Almanac of Glacial Transmigration
 80857 | Depths:4 | Identified Vynujergh's Catalogue of Glacial Conjuration
 80865 | Depths:4 | Learned a level 6 spell: Deflect Missiles
 80885 | Depths:4 | Identified Duriy's Papyrus of Attacks
 80918 | Depths:4 | Identified the Compendium of Feathery Attacks
 80933 | Depths:4 | Identified the Papyrus of Dusty Arcane Weapons (You found it on level 4 of the Depths)
 80956 | Depths:4 | Identified the Reference Book on Beguiling and Summoning
 81179 | Depths:5 | Entered Level 5 of the Depths
 81218 | Depths:5 | Found a gate to the Realm of Zot.
 82579 | Depths:5 | Reached XP level 24. HP: 110/207 MP: 21/45
 83292 | Vaults:4 | Killed an ancient lich
 83292 | Vaults:4 | Reached skill level 21 in Spellcasting
 84078 | Vaults:5 | Noticed an ancient lich
 84324 | Vaults:5 | Killed an ancient lich
 84872 | Vaults:5 | Noticed Sojobo
 85019 | Vaults:5 | Killed Sojobo
 85613 | Vaults:5 | Reached XP level 25. HP: 129/213 MP: 39/46
 86138 | Vaults:5 | Identified the Guide on Transmutation
 86181 | Vaults:5 | Got a silver rune of Zot
 86249 | Vaults:5 | Identified the +5 flail "Frao" {crush, rF+ MR+ Str+2} (You took it off a yaktaur on level 5 of the Vaults)
 86636 | Vaults:5 | Learned a level 8 spell: Necromutation
 86984 | Vaults:5 | Identified the +3 arbalest "Gheivaix" {freeze, rF+}
 87283 | Vaults:2 | Paralysed by a hornet for 4 turns
 87810 | Zot:1    | Entered Level 1 of the Realm of Zot
 87810 | Zot:1    | Found a basalt altar of Yredelemnul.
 87843 | Zot:1    | Found a radiant altar of Vehumet.
 87859 | Zot:1    | Found a burning altar of Makhleb.
 88163 | Zot:2    | Reached skill level 10 in Maces & Flails
 88632 | Zot:2    | Reached skill level 1 in Transmutations
 89421 | Zot:1    | Found a stormy altar of Qazlal.
 89766 | Zot:1    | Reached skill level 5 in Transmutations
 90754 | Zot:3    | Noticed an orb of fire
 90760 | Zot:3    | Killed an orb of fire
 91832 | Zot:3    | Reached skill level 10 in Necromancy
 91977 | Zot:4    | Reached XP level 26. HP: 168/222 MP: 11/46
 93531 | Zot:4    | Gained mutation: You have a pair of small horns on your head. [potion of beneficial mutation]
 94312 | Zot:4    | Reached skill level 10 in Transmutations
 94724 | Zot:5    | Entered Level 5 of the Realm of Zot
 94762 | Zot:5    | Found a stormy altar of Qazlal.
 95254 | Zot:5    | Noticed an orb of fire
 95259 | Zot:5    | Noticed an ancient lich
 95449 | Zot:5    | Killed an ancient lich
 95495 | Zot:5    | Killed an orb of fire
 95597 | Zot:5    | Noticed an ancient lich
 95608 | Zot:5    | Killed an ancient lich
 95968 | Zot:5    | Noticed an orb of fire
 95974 | Zot:5    | Killed an orb of fire
 96004 | Zot:5    | Reached XP level 27. HP: 97/229 MP: 13/47
 96055 | Zot:5    | Noticed an orb of fire
 96058 | Zot:5    | Killed an orb of fire
 96102 | Zot:5    | Noticed an orb of fire
 96111 | Zot:5    | Killed an orb of fire
 96180 | Zot:5    | Noticed an ancient lich
 96184 | Zot:5    | Killed an ancient lich
 96184 | Zot:5    | Reached skill level 15 in Necromancy
 96655 | Zot:5    | Noticed an orb of fire
 96658 | Zot:5    | Killed an orb of fire
 96660 | Zot:5    | Noticed an ancient lich
 96665 | Zot:5    | Noticed an orb of fire
 96999 | Zot:5    | Reached skill level 15 in Transmutations
 97019 | Zot:5    | Noticed an ancient lich
 97088 | Zot:5    | Killed an ancient lich
 97146 | Zot:5    | Reached skill level 22 in Conjurations
 97767 | Zig:1    | Entered Level 1 of a ziggurat
 97771 | Zig:1    | Reached skill level 1 in Charms
 97831 | Zig:2    | Entered Level 2 of a ziggurat
 97837 | Zig:2    | Reached skill level 1 in Short Blades
 97950 | Zig:3    | Entered Level 3 of a ziggurat
 98041 | Zig:4    | Entered Level 4 of a ziggurat
 98092 | Zig:4    | Reached skill level 5 in Charms
 98131 | Zig:5    | Entered Level 5 of a ziggurat
 98167 | Zig:5    | Gained mutation: You passively map a small area around you. [potion of beneficial mutation]
 98258 | Zig:6    | Entered Level 6 of a ziggurat
 98331 | Zig:6    | Identified the Volume of Glacial Conjuration (You found it on level 6 of a ziggurat)
 98343 | Zig:7    | Entered Level 7 of a ziggurat
 98350 | Zig:7    | Identified a ring of the Octopus King {MP+9 AC+1 EV+1 Str+1 Int+1 Dex+1}
 98447 | Zig:8    | Entered Level 8 of a ziggurat
 98460 | Zig:8    | Reached skill level 5 in Short Blades
 98682 | Zig:9    | Entered Level 9 of a ziggurat
 98769 | Zig:9    | Identified the Guide on Cloudy Conjuration (You found it on level 9 of a ziggurat)
 98792 | Zig:10   | Entered Level 10 of a ziggurat
 98803 | Zig:10   | Identified the ring of Activism {rF+ rN+ MP+9 SInv}
 98804 | Zig:10   | Identified the ring "Kiziufut" {+Inv rPois Str+4 Int-4 Dex+6}
 98876 | Zig:11   | Entered Level 11 of a ziggurat
 98961 | Zig:11   | Identified the ring "Xauty" {rElec rF++ AC+2}
 98961 | Zig:11   | Identified the ring "Ston" {rF+ Int+3 Slay-4 Stlth+}
 99035 | Zig:12   | Entered Level 12 of a ziggurat
 99212 | Zig:13   | Entered Level 13 of a ziggurat
 99225 | Zig:13   | Noticed Ghoideb the pandemonium lord
 99229 | Zig:13   | Reached skill level 23 in Conjurations
 99230 | Zig:13   | Killed Ghoideb the pandemonium lord
 99311 | Zig:13   | Identified the Compendium of Ashen Attacks (You found it on level 13 of a ziggurat)
 99350 | Zig:14   | Entered Level 14 of a ziggurat
 99432 | Zig:14   | Identified the Guide on Conjuration and Stolen Souls (You found it on level 14 of a ziggurat)
 99478 | Zig:14   | Learned a level 6 spell: Aura of Abjuration
 99494 | Zig:14   | Reached skill level 24 in Spellcasting
 99542 | Zig:15   | Entered Level 15 of a ziggurat
 99673 | Zig:16   | Entered Level 16 of a ziggurat
100001 | Zig:16   | Identified the amulet of Isausac {Spirit +Inv rC- Str+4}
100195 | Zig:17   | Entered Level 17 of a ziggurat
100218 | Zig:17   | Reached skill level 10 in Short Blades
100320 | Zig:17   | Identified Froegapn's Guide on Ashen Moulding (You found it on level 17 of a ziggurat)
100323 | Zig:17   | Identified the Incunabulum of the Entourage (You found it on level 17 of a ziggurat)
100376 | Zig:18   | Entered Level 18 of a ziggurat
100415 | Zig:18   | Reached skill level 10 in Dodging
100485 | Zig:18   | Identified the ring of a Hundred Wonders {+Blink rC+ rN+ Dex-3}
100502 | Zig:18   | Identified the Papyrus of Creative Moulding (You found it on level 18 of a ziggurat)
100547 | Zig:19   | Entered Level 19 of a ziggurat
100644 | Zig:19   | Identified the amulet "Dazoel" {Gourm rPois rC+ SInv}
100644 | Zig:19   | Identified the ring of Triplemma {EV+3 Int+3}
100726 | Zig:20   | Entered Level 20 of a ziggurat
100761 | Zig:20   | Noticed Thomus' ghost (legendary HOFi)
100868 | Zig:21   | Entered Level 21 of a ziggurat
101181 | Zig:21   | Identified the ring "Exuez" {+Inv Stlth+}
101182 | Zig:21   | Identified a +2 pair of boots of running
101269 | Zig:21   | Reached skill level 25 in Spellcasting
101309 | Zig:22   | Entered Level 22 of a ziggurat
101383 | Zig:22   | Reached skill level 15 in Fighting
101782 | Zig:22   | Identified the ring of Wackov {Wiz rF+ rC- Stlth+}
101892 | Zig:23   | Entered Level 23 of a ziggurat
101905 | Zig:23   | Noticed an ancient lich
101913 | Zig:23   | Noticed an ancient lich
101968 | Zig:23   | Noticed an ancient lich
102000 | Zig:23   | Killed an ancient lich
102002 | Zig:23   | Killed an ancient lich
102002 | Zig:23   | Reached skill level 5 in Evocations
102020 | Zig:23   | Identified the +2 pair of boots of Valiance {Dex+4}
102028 | Zig:23   | Identified the amulet of Yrchiw {+Rage rElec}
102035 | Zig:23   | Noticed an ancient lich
102040 | Zig:24   | Entered Level 24 of a ziggurat
102260 | Zig:24   | Reached skill level 10 in Evocations
102337 | Zig:24   | Gained mutation: Your spells are a little easier to cast, but a little less powerful. [a neqoxec]
102462 | Zig:24   | Paralysed by accursed screaming for 2 turns
102611 | Zig:24   | Learned a level 9 spell: Fire Storm
102651 | Zig:25   | Entered Level 25 of a ziggurat
102700 | Zig:25   | Reached skill level 5 in Fire Magic
102942 | Zig:25   | Identified the ring of Uhuec {rN+ MP+9 Dex+4 Slay+3}
102990 | Zig:25   | Identified the Papyrus of Mutagenic Clay (You found it on level 25 of a ziggurat)
103047 | Zig:26   | Entered Level 26 of a ziggurat
103101 | Zig:26   | Reached skill level 10 in Fire Magic
103557 | Zig:26   | Identified the +1 pair of gloves of Birdsong {rPois Int+4 Slay-4 Stlth+}
103565 | Zig:26   | Identified the ring "Non Phi" {rF- rC++ MR- MP+9 Int+5}
103622 | Zig:26   | Identified the Guide on Doomed Transmigration (You found it on level 26 of a ziggurat)
103827 | Pan      | Entered Pandemonium
103961 | Pan      | Lost mutation: You are robust (+10% HP). [a neqoxec]
104018 | Pan      | Lost mutation: You can spit poison. [potion of cure mutation]
104018 | Pan      | Lost mutation: You have a pair of small horns on your head. [potion of cure mutation]
104018 | Pan      | Lost mutation: You passively map a small area around you. [potion of cure mutation]
104018 | Pan      | Lost mutation: Your spells are a little easier to cast, but a little less powerful. [potion of cure mutation]
104076 | Pan      | Found an exit through the horrors of the Abyss.
104194 | Pan      | Noticed Skishruna the pandemonium lord
104214 | Pan      | Killed Skishruna the pandemonium lord
104288 | Depths:1 | Escaped Pandemonium
104294 | Pan      | Entered Pandemonium
104376 | Pan      | Found a gateway to a ziggurat.
104376 | Pan      | Noticed an ancient lich
104376 | Pan      | Noticed an ancient lich
104377 | Pan      | Noticed an ancient lich
104382 | Pan      | Killed an ancient lich
104382 | Pan      | Killed an ancient lich
104414 | Pan      | Killed an ancient lich
104414 | Pan      | Reached skill level 15 in Fire Magic
104486 | Zig:1    | Entered Level 1 of a ziggurat
104646 | Zig:2    | Entered Level 2 of a ziggurat
104699 | Zig:3    | Entered Level 3 of a ziggurat
104752 | Zig:4    | Entered Level 4 of a ziggurat
104775 | Zig:4    | Learned a level 2 spell: Blink
104796 | Zig:4    | Learned a level 6 spell: Haste
104818 | Zig:5    | Entered Level 5 of a ziggurat
104859 | Zig:6    | Entered Level 6 of a ziggurat
104865 | Zig:6    | Identified the amulet "Laeph" {Spirit -Cast +Fly rElec Int+6 Dex-5}
104932 | Zig:7    | Entered Level 7 of a ziggurat
105008 | Zig:8    | Entered Level 8 of a ziggurat
105059 | Zig:9    | Entered Level 9 of a ziggurat
105176 | Zig:10   | Entered Level 10 of a ziggurat
105246 | Zig:10   | Gained mutation: Your natural rate of healing is unusually fast. [potion of beneficial mutation]
105247 | Zig:10   | Gained mutation: You passively map a small area around you. [potion of beneficial mutation]
105248 | Zig:10   | Gained mutation: You passively map the area around you. [potion of beneficial mutation]
105251 | Zig:10   | Reached skill level 26 in Spellcasting
105303 | Zig:11   | Entered Level 11 of a ziggurat
105319 | Zig:11   | Identified the ring "Arost" {rF+ rN+ Dex+3}
105456 | Zig:12   | Entered Level 12 of a ziggurat
105524 | Zig:12   | Drew Focus: Int increased to 28, Str decreased to 10
105525 | Zig:12   | Drew Focus: Int increased to 29, Str decreased to 9
105586 | Zig:13   | Entered Level 13 of a ziggurat
105812 | Zig:14   | Entered Level 14 of a ziggurat
105895 | Zig:14   | Identified the ring "Loisojiqu" {MR+ Str-3 Int+6}
106010 | Zig:14   | Drew Focus: Int increased to 30, Str decreased to 8
106045 | Zig:15   | Entered Level 15 of a ziggurat
106334 | Zig:15   | Drew Focus: Int increased to 31, Str decreased to 7
106557 | Zig:16   | Entered Level 16 of a ziggurat
106688 | Zig:17   | Entered Level 17 of a ziggurat
106783 | Zig:17   | Gained mutation: Your flesh is heat resistant. [potion of beneficial mutation]
106784 | Zig:17   | Gained mutation: You are agile. (Dex +2) [potion of beneficial mutation]
106786 | Zig:17   | Identified Khanuluq's Handbook of Summoning (You found it on level 17 of a ziggurat)
106823 | Zig:17   | Learned a level 3 spell: Ozocubu's Armour
106867 | Zig:18   | Entered Level 18 of a ziggurat
106899 | Zig:18   | Reached skill level 27 in Spellcasting
106957 | Zig:18   | Noticed Prem the pandemonium lord
106962 | Zig:18   | Killed Prem the pandemonium lord
107074 | Zig:18   | Identified the Volume of the Rocks and Attacks (You found it on level 18 of a ziggurat)
107165 | Zig:19   | Entered Level 19 of a ziggurat
107286 | Zig:19   | Reached skill level 15 in Evocations
107353 | Zig:19   | Drew Focus: Int increased to 32, Str decreased to 6
107361 | Zig:19   | Drew Focus: Int increased to 33, Str decreased to 5
107638 | Zig:20   | Entered Level 20 of a ziggurat
107749 | Zig:20   | Identified the ring of Psen {MR+ Str+2}
107752 | Zig:20   | Identified the amulet "Walat" {Faith Dex+4}
107782 | Zig:20   | Identified the Reference Book on Doomed Enhancements (You found it on level 20 of a ziggurat)
107791 | Zig:20   | Identified Plozov Saca's Tome of Ensnaring Orientation (You found it on level 20 of a ziggurat)
107805 | Zig:21   | Entered Level 21 of a ziggurat
108034 | Zig:21   | Identified the cursed ring "Smir" {AC-2 Dex+2} (You found it on level 21 of a ziggurat)
108036 | Zig:21   | Identified the amulet "Bruamit" {Inacc +Blink rElec rF- rC+} (You found it on level 21 of a ziggurat)
108058 | Zig:22   | Entered Level 22 of a ziggurat
108189 | Zig:22   | Identified the +4 shield of the Eternal Fruit {Dex+6 Stlth-}
108219 | Zig:22   | Identified the Catalogue of Beguiling (You found it on level 22 of a ziggurat)
108224 | Zig:22   | Gained mutation: You have a pair of small antennae on your head. [potion of beneficial mutation]
108235 | Zig:22   | Identified the Catalogue of Scorching Combat Magic (You found it on level 22 of a ziggurat)
108246 | Zig:22   | Identified Skiy's Almanac of Contamination (You found it on level 22 of a ziggurat)
108275 | Zig:23   | Entered Level 23 of a ziggurat
108288 | Zig:23   | Noticed an ancient lich
108289 | Zig:23   | Noticed an ancient lich
108290 | Zig:23   | Noticed an ancient lich
108290 | Zig:23   | Noticed an ancient lich
108292 | Zig:23   | Noticed an ancient lich
108294 | Zig:23   | Killed an ancient lich
108294 | Zig:23   | Killed an ancient lich
108295 | Zig:23   | Killed an ancient lich
108295 | Zig:23   | Killed an ancient lich
108297 | Zig:23   | Noticed an ancient lich
108306 | Zig:23   | Killed an ancient lich
108310 | Zig:23   | Killed an ancient lich
108311 | Zig:23   | Noticed an ancient lich
108317 | Zig:23   | Noticed an ancient lich
108328 | Zig:23   | Killed an ancient lich
108330 | Zig:23   | Killed an ancient lich
108420 | Zig:23   | Identified the ring of Nowep {SustAb +Inv rElec Dex-5}
108421 | Zig:23   | Identified the ring "Gouziac" {+Fly rF+ rN+ Str-5}
108421 | Zig:23   | Identified the ring "Naep" {Wiz rF++ rC+ MP-9}
108490 | Zig:23   | Identified Sif Muna's Tome of Enchantment (You found it on level 23 of a ziggurat)
108523 | Zig:24   | Entered Level 24 of a ziggurat
108550 | Zig:24   | Noticed Iziam the pandemonium lord
108583 | Zig:24   | Killed Iziam the pandemonium lord
108862 | Zig:25   | Entered Level 25 of a ziggurat
108930 | Zig:25   | Noticed Qifof the pandemonium lord
108933 | Zig:25   | Noticed Qaicuoh the pandemonium lord
108938 | Zig:25   | Killed Qifof the pandemonium lord
108943 | Zig:25   | Noticed Thruc the pandemonium lord
108950 | Zig:25   | Noticed Fittihag the pandemonium lord
108954 | Zig:25   | Noticed Psilum the pandemonium lord
108958 | Zig:25   | Noticed Fretawa the pandemonium lord
108960 | Zig:25   | Killed Qaicuoh the pandemonium lord
108961 | Zig:25   | Killed Thruc the pandemonium lord
108961 | Zig:25   | Killed Fittihag the pandemonium lord
108964 | Zig:25   | Noticed Shigakurgh the pandemonium lord
108964 | Zig:25   | Killed Psilum the pandemonium lord
108967 | Zig:25   | Noticed Gigruek the pandemonium lord
108967 | Zig:25   | Killed Fretawa the pandemonium lord
108974 | Zig:25   | Noticed Lyp Khacroe the pandemonium lord
108976 | Zig:25   | Killed Shigakurgh the pandemonium lord
108981 | Zig:25   | Killed Gigruek the pandemonium lord
108981 | Zig:25   | Killed Lyp Khacroe the pandemonium lord
109000 | Zig:25   | Noticed Moetoac the pandemonium lord
109010 | Zig:25   | Killed Moetoac the pandemonium lord
109013 | Zig:25   | Noticed Skuif the pandemonium lord
109023 | Zig:25   | Noticed Eseikkaf the pandemonium lord
109033 | Zig:25   | Killed Skuif the pandemonium lord
109033 | Zig:25   | Killed Eseikkaf the pandemonium lord
109035 | Zig:25   | Noticed Vehu the pandemonium lord
109036 | Zig:25   | Noticed Shoud the pandemonium lord
109039 | Zig:25   | Noticed Stacoecu the pandemonium lord
109044 | Zig:25   | Killed Shoud the pandemonium lord
109046 | Zig:25   | Noticed Sijouf the pandemonium lord
109049 | Zig:25   | Killed Vehu the pandemonium lord
109050 | Zig:25   | Noticed Koruriq the pandemonium lord
109050 | Zig:25   | Noticed Mnere the pandemonium lord
109053 | Zig:25   | Killed Stacoecu the pandemonium lord
109064 | Zig:25   | Killed Sijouf the pandemonium lord
109065 | Zig:25   | Noticed Peoq the pandemonium lord
109065 | Zig:25   | Killed Koruriq the pandemonium lord
109065 | Zig:25   | Killed Mnere the pandemonium lord
109073 | Zig:25   | Noticed Khog the pandemonium lord
109086 | Zig:25   | Killed Khog the pandemonium lord
109088 | Zig:25   | Killed Peoq the pandemonium lord
109235 | Zig:26   | Entered Level 26 of a ziggurat
109431 | Zig:26   | Identified the ring of Manedwua {rPois rN+}
109435 | Zig:26   | Identified the amulet of Rationality {Spirit rN++}
109437 | Zig:26   | Identified the ring "Uloyrph" {rPois MR+}
109748 | Zig:27   | Entered Level 27 of a ziggurat
109871 | Zig:27   | Noticed Paprocs the pandemonium lord
109883 | Zig:27   | Killed Paprocs the pandemonium lord
110087 | Zig:27   | Identified the +2 helmet of the Nightingale {+Fly MR- Str+6}
110090 | Zig:27   | Identified the ring "Twyakhlin" {rElec rF- rC+ rN+ Str+6}
110091 | Zig:27   | Identified the ring "Maul" {Wiz +Blink rElec}
110139 | Zig:27   | Identified the Guide on Enhancements (You found it on level 27 of a ziggurat)
110145 | Zig:27   | Learned a level 4 spell: Control Teleport
110236 | Pan      | Entered the realm of Lom Lobon.
110451 | Pan      | Identified the +2 pair of boots of the Black Moon {MR+ Int+3}
110469 | Pan      | Noticed Lom Lobon
110581 | Pan      | Killed Lom Lobon
110604 | Pan      | Got a magical rune of Zot
110893 | Pan      | Identified the ring of Voteten {Dex+6 Stlth+}
110911 | Pan      | Found an exit through the horrors of the Abyss.
111367 | Pan      | Identified the ring of Stizeant {SustAb Int+4}
111657 | Pan      | Noticed Esuquxuf the pandemonium lord
111660 | Pan      | Killed Esuquxuf the pandemonium lord
111735 | Pan      | Found an exit through the horrors of the Abyss.
112245 | Pan      | Found an exit through the horrors of the Abyss.
112336 | Pan      | Noticed Caymacuf the pandemonium lord
112341 | Pan      | Killed Caymacuf the pandemonium lord
112525 | Pan      | Noticed Zuock the pandemonium lord
112528 | Pan      | Killed Zuock the pandemonium lord
112580 | Depths:1 | Escaped Pandemonium
112644 | Pan      | Entered Pandemonium
112750 | Pan      | Found an exit through the horrors of the Abyss.
112770 | Pan      | Took an exit into the Abyss.
112770 | Abyss:1  | Escaped into the Abyss
112770 | Abyss:1  | Found a shattered altar of Ashenzari.
112778 | Abyss:1  | Found a bloodstained altar of Trog.
112941 | Abyss:1  | Found a corrupted altar of Lugonu.
112947 | Abyss:1  | Identified the ring "Kheob" {Ice rElec rN+ MP-9 Stlth+}
113236 | Abyss:1  | Found a corrupted altar of Lugonu.
113359 | Depths:1 | Escaped the Abyss
113388 | Pan      | Entered Pandemonium
113419 | Pan      | Lost mutation: Your natural rate of healing is unusually fast. [a neqoxec]
113486 | Pan      | Noticed Ygucakh the pandemonium lord
113513 | Pan      | Killed Ygucakh the pandemonium lord
113548 | Pan      | Reached skill level 27 in Fighting
113663 | Pan      | Found a glowing golden altar of the Shining One.
113663 | Pan      | Noticed a seraph
113668 | Pan      | Killed a seraph
113669 | Pan      | Reached skill level 15 in Dodging
113823 | Pan      | Found a white marble altar of Elyvilon.
114003 | Pan      | Got a demonic rune of Zot
114659 | Pan      | Noticed Troynown the pandemonium lord
114660 | Pan      | Killed Troynown the pandemonium lord
114875 | Pan      | Noticed Imy Quj the pandemonium lord
114880 | Pan      | Killed Imy Quj the pandemonium lord
114923 | Pan      | Entered the realm of Mnoleg.
115204 | Pan      | Identified Ozocubu's Reference Book on the Frostbite (You found it in Pandemonium)
115575 | Pan      | Noticed Mnoleg
115594 | Pan      | Killed Mnoleg
115672 | Pan      | Got a glowing rune of Zot
115822 | Pan      | Found a gateway to a ziggurat.
115822 | Pan      | Found an exit through the horrors of the Abyss.
116121 | Pan      | Entered the realm of Cerebov.
116133 | Depths:1 | Escaped Pandemonium
116135 | Pan      | Entered Pandemonium
116199 | Pan      | Noticed Gearam the pandemonium lord
116203 | Pan      | Killed Gearam the pandemonium lord
116224 | Pan      | Noticed Ryek the pandemonium lord
116226 | Pan      | Killed Ryek the pandemonium lord
116275 | Pan      | Found an exit through the horrors of the Abyss.
116365 | Pan      | Found an exit through the horrors of the Abyss.
116403 | Pan      | Noticed Fanloes the pandemonium lord
116424 | Pan      | Killed Fanloes the pandemonium lord
116491 | Pan      | Noticed Plytim the pandemonium lord
116495 | Pan      | Killed Plytim the pandemonium lord
116580 | Pan      | Noticed Rat Momi the pandemonium lord
116586 | Pan      | Killed Rat Momi the pandemonium lord
116862 | Pan      | Found a runed door.
116864 | Pan      | Found a runed door.
116865 | Pan      | Noticed Idetrot the pandemonium lord
116867 | Pan      | Found a runed door.
116871 | Pan      | Killed Idetrot the pandemonium lord
116894 | Pan      | Found a runed door.
116940 | Pan      | Found an exit through the horrors of the Abyss.
117123 | Pan      | Found a huge runed gate.
117127 | Pan      | Found an exit through the horrors of the Abyss.
117135 | Pan      | Noticed Khedyl the pandemonium lord
117148 | Pan      | Killed Khedyl the pandemonium lord
117196 | Pan      | Found a gateway to a ziggurat.
117322 | Pan      | Found an exit through the horrors of the Abyss.
117353 | Pan      | Found an exit through the horrors of the Abyss.
117372 | Pan      | Entered the realm of Gloorx Vloq.
117486 | Pan      | Noticed Gloorx Vloq
117490 | Pan      | Killed Gloorx Vloq
117543 | Pan      | Got a dark rune of Zot
117690 | Pan      | Noticed Zompuem the pandemonium lord
117696 | Pan      | Killed Zompuem the pandemonium lord
117756 | Pan      | Identified Yjineqir's Papyrus of Frigorific Conjuration (You found it in Pandemonium)
117861 | Pan      | Noticed Twihamm the pandemonium lord
117865 | Pan      | Killed Twihamm the pandemonium lord
117987 | Pan      | Found a gateway to a ziggurat.
118165 | Pan      | Found an exit through the horrors of the Abyss.
118195 | Depths:1 | Escaped Pandemonium
118197 | Pan      | Entered Pandemonium
118197 | Pan      | Found an exit through the horrors of the Abyss.
118254 | Pan      | Found an exit through the horrors of the Abyss.
118285 | Pan      | Found an exit through the horrors of the Abyss.
118686 | Pan      | Noticed Nuve the pandemonium lord
118698 | Pan      | Killed Nuve the pandemonium lord
118769 | Pan      | Found an exit through the horrors of the Abyss.
119025 | Pan      | Noticed Thruefeli the pandemonium lord
119028 | Pan      | Killed Thruefeli the pandemonium lord
119235 | Pan      | Noticed Zajel the pandemonium lord
119268 | Pan      | Killed Zajel the pandemonium lord
119365 | Pan      | Noticed Uguil the pandemonium lord
119379 | Pan      | Killed Uguil the pandemonium lord
119477 | Pan      | Found an exit through the horrors of the Abyss.
119489 | Pan      | Found a runed door.
119498 | Pan      | Found a runed door.
119502 | Pan      | Noticed Eciuh the pandemonium lord
119503 | Pan      | Killed Eciuh the pandemonium lord
119529 | Pan      | Found a runed door.
119572 | Pan      | Noticed Toqusex the pandemonium lord
119577 | Pan      | Killed Toqusex the pandemonium lord
119579 | Pan      | Reached skill level 15 in Shields
119588 | Pan      | Found a runed door.
119607 | Pan      | Found a runed door.
119608 | Pan      | Found a runed door.
119610 | Pan      | Noticed Mateal the pandemonium lord
119614 | Pan      | Killed Mateal the pandemonium lord
119644 | Pan      | Found a runed door.
119678 | Depths:1 | Escaped Pandemonium
119680 | Pan      | Entered Pandemonium
119695 | Depths:1 | Escaped Pandemonium
119697 | Pan      | Entered Pandemonium
119697 | Pan      | Found an exit through the horrors of the Abyss.
119777 | Pan      | Noticed Pnaila the pandemonium lord
119786 | Pan      | Killed Pnaila the pandemonium lord
120133 | Pan      | Noticed Paeh the pandemonium lord
120197 | Pan      | Noticed Troptosi the pandemonium lord
120221 | Pan      | Found an exit through the horrors of the Abyss.
120305 | Pan      | Noticed Blusafau the pandemonium lord
120314 | Pan      | Killed Blusafau the pandemonium lord
120364 | Depths:1 | Escaped Pandemonium
120366 | Pan      | Entered Pandemonium
120503 | Pan      | Noticed Bevaod the pandemonium lord
120511 | Pan      | Killed Bevaod the pandemonium lord
120644 | Depths:1 | Escaped Pandemonium
120646 | Pan      | Entered Pandemonium
120646 | Pan      | Found an exit through the horrors of the Abyss.
120709 | Pan      | Noticed Phumato the pandemonium lord
120713 | Pan      | Killed Phumato the pandemonium lord
120771 | Pan      | Noticed Laryjet the pandemonium lord
120779 | Pan      | Killed Laryjet the pandemonium lord
120914 | Pan      | Identified the +1 pair of boots "Ahazik" {rElec rPois rN+}
120914 | Pan      | Noticed Ukhewk Ocau the pandemonium lord
120927 | Pan      | Killed Ukhewk Ocau the pandemonium lord
121101 | Pan      | Found an exit through the horrors of the Abyss.
121152 | Pan      | Noticed Qifujad the pandemonium lord
121160 | Pan      | Killed Qifujad the pandemonium lord
121250 | Pan      | Noticed Xivig the pandemonium lord
121255 | Pan      | Killed Xivig the pandemonium lord
121374 | Pan      | Noticed Iniane Blaegh the pandemonium lord
121393 | Pan      | Killed Iniane Blaegh the pandemonium lord
121503 | Pan      | Noticed Ypiuh the pandemonium lord
121509 | Pan      | Killed Ypiuh the pandemonium lord
121635 | Depths:1 | Escaped Pandemonium
121637 | Pan      | Entered Pandemonium
121637 | Pan      | Found an exit through the horrors of the Abyss.
121684 | Pan      | Noticed Plocsou the pandemonium lord
121698 | Pan      | Killed Plocsou the pandemonium lord
121775 | Pan      | Noticed Jataleet the pandemonium lord
121827 | Pan      | Killed Jataleet the pandemonium lord
122066 | Pan      | Found an exit through the horrors of the Abyss.
122070 | Pan      | Noticed Choyff the pandemonium lord
122097 | Pan      | Killed Choyff the pandemonium lord
122199 | Pan      | Gained mutation: You evolve. [potion of beneficial mutation]
122259 | Pan      | Found an exit through the horrors of the Abyss.
122300 | Pan      | Identified the cursed -4 pair of boots "Klutt" {-Tele rPois Str+4 Int+4 Dex+3}
122340 | Pan      | Found an exit through the horrors of the Abyss.
122396 | Pan      | Found an exit through the horrors of the Abyss.
122440 | Pan      | Noticed Vumischuwe the pandemonium lord
122446 | Pan      | Killed Vumischuwe the pandemonium lord
122603 | Pan      | Noticed Wifuimum the pandemonium lord
122608 | Pan      | Killed Wifuimum the pandemonium lord
122622 | Pan      | Found an exit through the horrors of the Abyss.
122822 | Pan      | Noticed Agiyrpha the pandemonium lord
122834 | Pan      | Killed Agiyrpha the pandemonium lord
123217 | Pan      | Identified the +0 cloak of Grace {Int+4}
123327 | Pan      | Found an exit through the horrors of the Abyss.
123356 | Pan      | Found an exit through the horrors of the Abyss.
123448 | Pan      | Found an exit through the horrors of the Abyss.
123472 | Pan      | Noticed Ceutyfut the pandemonium lord
123476 | Pan      | Killed Ceutyfut the pandemonium lord
123539 | Pan      | Noticed Mapp the pandemonium lord
123559 | Pan      | Killed Mapp the pandemonium lord
123842 | Pan      | Found a gateway to a ziggurat.
124054 | Pan      | Found an exit through the horrors of the Abyss.
124114 | Pan      | Noticed Ghogrim the pandemonium lord
124132 | Pan      | Killed Ghogrim the pandemonium lord
124290 | Pan      | Found an exit through the horrors of the Abyss.
124328 | Depths:1 | Escaped Pandemonium
124355 | Pan      | Entered Pandemonium
124508 | Depths:1 | Escaped Pandemonium
124510 | Pan      | Entered Pandemonium
124514 | Pan      | Found an exit through the horrors of the Abyss.
124640 | Pan      | Found a huge runed gate.
124661 | Pan      | Noticed Shraub the pandemonium lord
124670 | Pan      | Killed Shraub the pandemonium lord
124670 | Pan      | Reached skill level 5 in Stealth
124753 | Pan      | Found an exit through the horrors of the Abyss.
124768 | Pan      | Noticed Humuq the pandemonium lord
124791 | Pan      | Killed Humuq the pandemonium lord
124860 | Pan      | Noticed Ethruis the pandemonium lord
124885 | Pan      | Killed Ethruis the pandemonium lord
125006 | Pan      | Found an exit through the horrors of the Abyss.
125013 | Pan      | Reached skill level 10 in Stealth
125245 | Pan      | Noticed Owaxtan the pandemonium lord
125249 | Pan      | Killed Owaxtan the pandemonium lord
125402 | Pan      | Found an exit through the horrors of the Abyss.
125508 | Pan      | Found an exit through the horrors of the Abyss.
125651 | Pan      | Found an exit through the horrors of the Abyss.
125697 | Pan      | Noticed Kiujegol the pandemonium lord
125706 | Pan      | Killed Kiujegol the pandemonium lord
125831 | Pan      | Noticed Bri Frath the pandemonium lord
125845 | Pan      | Killed Bri Frath the pandemonium lord
126029 | Pan      | Identified the ring of the Ladybird {-Cast rN+ MR+ Str+4 Stlth+}
126154 | Pan      | Noticed Doydoter the pandemonium lord
126186 | Pan      | Killed Doydoter the pandemonium lord
126186 | Pan      | Reached skill level 15 in Stealth
126365 | Pan      | Reached skill level 5 in Translocations
126388 | Pan      | Found an exit through the horrors of the Abyss.
126391 | Pan      | Found an exit through the horrors of the Abyss.
126469 | Pan      | Found an exit through the horrors of the Abyss.
126532 | Pan      | Noticed Vopt the pandemonium lord
126549 | Pan      | Killed Vopt the pandemonium lord
126771 | Pan      | Found a runed door.
126791 | Pan      | Found a runed door.
126792 | Pan      | Found a runed door.
126794 | Pan      | Noticed Shrech the pandemonium lord
126798 | Pan      | Killed Shrech the pandemonium lord
126798 | Pan      | Reached skill level 10 in Translocations
126947 | Pan      | Found an exit through the horrors of the Abyss.
126954 | Pan      | Took an exit into the Abyss.
126954 | Abyss:1  | Escaped into the Abyss
127094 | Abyss:5  | Entered Level 5 of the Abyss
127162 | Abyss:5  | Got an abyssal rune of Zot
127244 | Depths:1 | Escaped the Abyss
127276 | Hell     | Entered the Vestibule of Hell
127276 | Hell     | Noticed Geryon
127283 | Hell     | Killed Geryon
127482 | Hell     | Found a gateway to the freezing wastes of Cocytus.
127516 | Hell     | Reached skill level 15 in Translocations
127574 | Coc:1    | Entered Level 1 of Cocytus
127779 | Coc:7    | Entered Level 7 of Cocytus
128094 | Coc:7    | Noticed Antaeus
128124 | Coc:7    | Killed Antaeus
128353 | Coc:7    | Learned a level 7 spell: Controlled Blink
129355 | D:11     | Gained mutation: You rapidly evolve. [evolution]
129503 | Lair:1   | Learned a level 3 spell: Flight
129514 | Lair:1   | Learned a level 9 spell: Singularity
130060 | Coc:7    | Identified the amulet of Utypoyngust {Stasis rPois Int-3 Dex+4}
130185 | Coc:7    | Identified the cursed -1 shield of the Wilderness {Regen+}
130387 | Coc:7    | Identified the amulet "Plog" {Inacc rElec Dex+3 Stlth+}
130400 | Coc:7    | Got an icy rune of Zot
130575 | Hell     | Found a gateway to the ashen valley of Gehenna.
130581 | Geh:1    | Entered Level 1 of Gehenna
130768 | Geh:7    | Entered Level 7 of Gehenna
131185 | Geh:7    | Noticed Asmodeus
131208 | Geh:7    | Killed Asmodeus
131301 | Geh:7    | Identified the ring of Peace {rF+ rC- Dex+4 SInv}
131394 | Geh:7    | Got an obsidian rune of Zot
131487 | Hell     | Found a gateway to the decaying netherworld of Tartarus.
131496 | Tar:1    | Entered Level 1 of Tartarus
131703 | Tar:7    | Entered Level 7 of Tartarus
131756 | Tar:7    | Noticed an ancient lich
131757 | Tar:7    | Identified the ring "Gautetra" {rN+ Stlth+}
131767 | Tar:7    | Killed an ancient lich
132245 | Tar:7    | Noticed Ereshkigal
132387 | Tar:7    | Killed Ereshkigal
132440 | Tar:7    | Got a bone rune of Zot
132577 | Hell     | Found a gateway to the Iron City of Dis.
132588 | Dis:1    | Entered Level 1 of the Iron City of Dis
132595 | Dis:1    | You fall through a shaft!
132814 | Dis:7    | Entered Level 7 of the Iron City of Dis
132982 | Dis:7    | Noticed the Serpent of Hell
132990 | Dis:7    | Killed the Serpent of Hell
133042 | Dis:7    | Identified the ring of Ghougegu {rPois rN+ Int+3}
133102 | Dis:7    | Noticed Dispater
133109 | Dis:7    | Killed Dispater
133152 | Dis:7    | Got an iron rune of Zot
133156 | Dis:7    | Identified the Tome of Lightness (You found it on level 7 of the Iron City of Dis)
133730 | Slime:1  | Entered Level 1 of the Pits of Slime
133791 | Slime:6  | Entered Level 6 of the Pits of Slime
133827 | Slime:6  | Noticed the royal jelly
133844 | Slime:6  | Killed the royal jelly
133920 | Slime:6  | Identified the ring of Trepidation {rF++ rC+ Str+2}
133928 | Slime:6  | Got a slimy rune of Zot
133937 | Slime:6  | Identified the cursed -3 cloak of Skorghis {rF+ rC+ rN+ rCorr Slay-5}
134703 | Crypt:1  | Entered Level 1 of the Crypt
134869 | Crypt:3  | Entered Level 3 of the Crypt
134974 | Crypt:3  | Noticed an ancient lich
134980 | Crypt:3  | Killed an ancient lich
135094 | Crypt:3  | Found a bloodstained altar of Trog.
135569 | Crypt:2  | Identified the ring "Pna Nuyg" {rElec MR+ Str+2 SInv}
136494 | Crypt:2  | Found an ancient bone altar of Kikubaaqudgha.
136762 | Crypt:3  | Identified the Volume of Necromancy (You found it on level 3 of the Crypt)
137162 | Crypt:3  | Found a staircase to the Tomb.
137208 | Tomb:1   | Entered Level 1 of the Tomb of the Ancients
138633 | Tomb:2   | Noticed an ancient lich
138636 | Tomb:2   | Killed an ancient lich
138963 | Tomb:3   | Entered Level 3 of the Tomb of the Ancients
139057 | Tomb:3   | Got a golden rune of Zot
139123 | Tomb:3   | Identified the ring of Gikhladys {+Blink rPois rN++ Int-5 Dex+4}
139272 | Tomb:3   | Identified Sif Muna's Tome of Transmutation and Augmentations (You found it on level 3 of the Tomb of the Ancients)
140616 | Zot:5    | Killed an orb of fire
140670 | Zot:5    | Got the Orb of Zot
140874 | Zot:2    | Noticed Stea the pandemonium lord
140893 | Zot:2    | Killed Stea the pandemonium lord
141061 | Zot:2    | Noticed Isicsur the pandemonium lord
141066 | Zot:2    | Killed Isicsur the pandemonium lord
141487 | D:6      | Noticed Ruxtinn the pandemonium lord
141489 | D:6      | Killed Ruxtinn the pandemonium lord
141709 | D:1      | Gained mutation: Scrolls take you a little longer to read. [a neqoxec]
141732 | D:$      | Escaped with the Orb!

Action                   |  1- 3 |  4- 6 |  7- 9 | 10-12 | 13-15 | 16-18 | 19-21 | 22-24 | 25-27 || total
-------------------------+-------+-------+-------+-------+-------+-------+-------+-------+-------++-------
Melee: Dagger            |     6 |       |       |       |       |       |       |       |       ||     6
       Whip              |       |   142 |   492 |  1754 |  2526 |  1261 |  1117 |    46 |       ||  7338
       Unarmed           |       |       |       |     7 |       |     4 |       |       |     1 ||    12
       Demon whip        |       |       |       |       |       |       |       |  1316 |   725 ||  2041
       Staff             |       |       |       |       |       |       |       |       |   537 ||   537
       Quick blade       |       |       |       |       |       |       |       |       |  3245 ||  3245
Throw: Stone             |       |       |     4 |     2 |     4 |    19 |     2 |     4 |     1 ||    36
 Cast: Magic Dart        |    81 |    88 |   154 |   215 |       |       |       |       |       ||   538
       Conjure Flame     |       |     6 |     3 |    13 |       |       |       |       |       ||    22
       Call Imp          |       |       |     6 |       |       |       |       |       |       ||     6
       Mephitic Cloud    |       |       |    16 |     6 |       |       |       |       |       ||    22
       Blink             |       |       |       |     1 |       |       |       |       |    10 ||    11
       Bolt of Draining  |       |       |       |       |   122 |   282 |    94 |    57 |       ||   555
       Repel Missiles    |       |       |       |       |     3 |     7 |     7 |     2 |     1 ||    20
       Monstrous Menager |       |       |       |       |     7 |     3 |       |       |       ||    10
       Bolt of Cold      |       |       |       |       |       |    68 |   217 |   107 |    13 ||   405
       Freezing Cloud    |       |       |       |       |       |    42 |    62 |     3 |       ||   107
       Regeneration      |       |       |       |       |       |     9 |    12 |    24 |    67 ||   112
       Spellforged Servi |       |       |       |       |       |       |     1 |       |     2 ||     3
       Orb of Destructio |       |       |       |       |       |       |    30 |       |     2 ||    32
       Glaciate          |       |       |       |       |       |       |     5 |    91 |  1365 ||  1461
       Necromutation     |       |       |       |       |       |       |       |       |   723 ||   723
       Fire Storm        |       |       |       |       |       |       |       |       |   296 ||   296
       Ozocubu's Armour  |       |       |       |       |       |       |       |       |   274 ||   274
       Singularity       |       |       |       |       |       |       |       |       |   106 ||   106
       Haste             |       |       |       |       |       |       |       |       |    71 ||    71
       Control Teleport  |       |       |       |       |       |       |       |       |    69 ||    69
       Controlled Blink  |       |       |       |       |       |       |       |       |    39 ||    39
       Deflect Missiles  |       |       |       |       |       |       |       |       |    19 ||    19
       Flight            |       |       |       |       |       |       |       |       |    15 ||    15
Invok: Scrying           |       |       |       |       |       |       |     1 |       |       ||     1
       Transfer Knowledg |       |       |       |       |       |       |       |       |     1 ||     1
 Abil: Spit Acid         |       |       |    30 |    74 |    52 |    40 |    13 |     5 |     1 ||   215
       Evoke Berserk Rag |       |       |       |    18 |     8 |       |       |       |       ||    26
       End Transformatio |       |       |       |       |       |       |       |       |    40 ||    40
Evoke: Wand              |       |       |     1 |     4 |       |    10 |     3 |     3 |    78 ||    99
       Stone of tremors  |       |       |       |       |       |     1 |       |       |     5 ||     6
       Deck              |       |       |       |       |       |       |       |       |    70 ||    70
       Staff of energy   |       |       |       |       |       |       |       |       |  7619 ||  7619
       Sceptre of Asmode |       |       |       |       |       |       |       |       |    17 ||    17
       Crystal ball of e |       |       |       |       |       |       |       |       |    14 ||    14
       Disc of storms    |       |       |       |       |       |       |       |       |    10 ||    10
       Phantom mirror    |       |       |       |       |       |       |       |       |     6 ||     6
       Fan of gales      |       |       |       |       |       |       |       |       |     4 ||     4
       Horn of Geryon    |       |       |       |       |       |       |       |       |     1 ||     1
  Use: Scroll            |       |     5 |    13 |    14 |    20 |    19 |    16 |    17 |   139 ||   243
       Potion            |       |     1 |     1 |       |       |    13 |     7 |     2 |    83 ||   107
 Stab: Paralysed         |       |       |     2 |       |       |       |       |       |       ||     2
       Confused          |       |       |     3 |     2 |       |       |       |       |       ||     5
       Sleeping          |       |       |     1 |    11 |    16 |     5 |     5 |     2 |    19 ||    59
       Distracted        |       |       |       |       |     4 |     3 |     1 |     2 |    16 ||    26
       Fleeing           |       |       |       |       |     1 |       |       |       |       ||     1
       Petrifying        |       |       |       |       |       |       |       |       |     1 ||     1
       Petrified         |       |       |       |       |       |       |       |       |     1 ||     1
  Eat: Chunk             |     2 |     5 |    20 |    54 |    69 |    19 |    24 |    31 |    11 ||   235
       Meat ration       |       |     1 |     1 |     2 |     3 |     7 |     3 |     2 |     4 ||    23
       Beef jerky        |       |       |       |     3 |     2 |     7 |     1 |     1 |     5 ||    19
       Pizza             |       |       |       |     1 |       |       |       |       |     3 ||     4
       Royal jelly       |       |       |       |       |     2 |       |     1 |     1 |       ||     4
       Fruit             |       |       |       |       |     4 |     1 |       |       |     6 ||    11
       Bread ration      |       |       |       |       |       |     2 |     3 |     7 |    15 ||    27
